 Dungeon Crawl Stone Soup version 0.30-a0-374-g95c0257040 (webtiles) character file.

Game seed: 9986218022568561238

2485776 MackTheKnife the Invulnerable (level 26, 238/248 (251) HPs)
             Began as an Armataur Berserker on Nov 25, 2022.
             Was a High Priest of Jiyva.
             Escaped with the Orb
             ... and 4 runes on Nov 26, 2022!
             The game lasted 02:15:16 (62302 turns).

MackTheKnife the Invulnerable (Armataur Berserker) Turns: 62302, Time: 02:15:17

HP:   238/248 (251) AC: 48    Str: 50      XL:     26   Next: 45%
MP:   23/23         EV: 12    Int:  6      God:    Jiyva [*****.]
Gold: 2539          SH: 25    Dex: 17 (18) Spells: 25/25 levels left

rFire   + + +      SeeInvis .    b - +9 double sword (spect) {longrare=g}
rCold   + + +      Faith    .    C - +2 kite shield {rPois}
rNeg    . . .      Spirit   .    e - +8 crystal plate armour {rare=g}
rPois   +          Reflect  +    Q - +0 hat "Vepunueru" {rC- Will+++ Str+5}
rElec   +          Harm     .    T - scarf {rC+ rF+}
rCorr   +          Roll     +    q - +1 pair of gloves {infuse}
Will    +++++                    r - +1 barding of Niehon {Will+ Str+3 Stlth+}
Stlth   ..........               G - amulet of Ynnom {Reflect rPois rC+ SH+5}
HPRegen 2.05/turn                V - ring of the Evil One {rF++ Str+6}
MPRegen 0.63/turn                H - ring "Wovvyang" {rElec rC+ Dex+6}

@: resistant, studying Maces & Flails, lightly drained
A: large, rugged brown scales 3, deformed body, armoured tail, roll, long
tongue, awkward tongue, antennae 1, clumsy 1, frail 1, strong-willed 1,
screaming 1, strong 2, jelly sensing items, jelly absorbing missiles, no potion
heal 1, inability to read after injury 1, MP-powered wands, noise suppression
0: Orb of Zot
}: 4/15 runes: decaying, serpentine, slimy, silver
a: Renounce Religion, Oozemancy, Slimify


You escaped.
You worshipped Jiyva.
Jiyva was extremely pleased with you.
You visited 12 branches of the dungeon, and saw 56 of its levels.
You visited 2 bazaars.
You also visited: Gauntlet and Ice Cave.

You collected 5419 gold pieces.
You spent 2880 gold pieces at shops.


Innate Abilities, Weirdness & Mutations

You are completely covered in rugged brown scales. (AC +3, +7% HP)
Armour fits poorly on your strangely shaped body.
You have a long armoured tail.
You roll when moving toward enemies. (Rampage)
Your long tongue fully drains potion bottles. (2x potion effects)
Your tongue gives you trouble enunciating. (1.5x scroll delay)
You have a pair of small antennae on your head.
You are clumsy. (Dex -2)
You are frail. (-10% HP)
You are strong-willed. (Will+)
You occasionally shout uncontrollably at your foes.
Your muscles are very strong. (Str +8, Int/Dex -2)
You have a small jelly attached to you that senses nearby items.
You have a small jelly attached to you that may absorb projectiles.
Potions are less effective at restoring your health.
You occasionally lose the ability to read scrolls when taking damage.
You expend magic power (3 MP) to strengthen your wands.
You passively dampen the noise of your surroundings.


   Skills:
 + Level 25.4 Fighting
 - Level 21.6 Long Blades
 O Level 27 Armour
 - Level 14.4 Dodging
 - Level 25.1 Shields
 - Level 12.1 Evocations


You had 25 spell levels left.
You didn't know any spells.
Your spell library contained the following spells:

 Spells                   Type           Power      Damage    Failure   Level
 Apportation              Tloc           0%         N/A       83%         1
 Magic Dart               Conj           0%         1d3       83%         1
 Necrotise                Necr           0%         1d4       83%         1
 Sandblast                Erth           0%         2d4       83%         1
 Shock                    Conj/Air       0%         1d3       83%         1
 Slow                     Hex            0%         N/A       83%         1
 Sting                    Tmut/Pois      0%         1d3       83%         1
 Summon Small Mammal      Summ           0%         N/A       83%         1
 Blink                    Tloc           0%         N/A       92%         2
 Call Imp                 Summ           0%         N/A       92%         2
 Cigotuvi's Dreadful Rot  Necr/Pois/Air  0%         N/A       92%         2
 Ensorcelled Hibernation  Hex/Ice        0%         N/A       92%         2
 Momentum Strike          Conj/Tloc      0%         3d8       92%         2
 Passwall                 Tmut/Erth      0%         N/A       92%         2
 Poisonous Vapours        Pois/Air       0%         N/A       92%         2
 Sublimation of Blood     Necr           0%         N/A       92%         2
 Wereblood                Tmut           0%         N/A       92%         2
 Call Canine Familiar     Summ           0%         N/A       99%         3
 Confusing Touch          Hex            0%         N/A       99%         3
 Dazzling Flash           Conj/Hex       0%         N/A       99%         3
 Ignite Poison            Fire/Tmut/Pois 0%         N/A       99%         3
 Inner Flame              Hex/Fire       0%         N/A       99%         3
 Kindle Blastsparks       Fire/Tloc/Air  0%         2d10      99%         3
 Lesser Beckoning         Tloc           0%         N/A       99%         3
 Mephitic Cloud           Conj/Pois/Air  0%         N/A       99%         3
 Portal Projectile        Hex/Tloc       0%         N/A       99%         3
 Stone Arrow              Conj/Erth      0%         3d7       99%         3
 Summon Guardian Golem    Hex/Summ       0%         N/A       99%         3
 Swiftness                Air            0%         N/A       99%         3
 Teleport Other           Tloc           0%         N/A       99%         3
 Tukima's Dance           Hex            0%         N/A       99%         3
 Vampiric Draining        Necr           0%         2d6       99%         3
 Vhi's Electric Charge    Tloc/Air       0%         N/A       99%         3
 Airstrike                Air            0%         2d(0-16)  100%        4
 Anguish                  Hex/Necr       0%         N/A       100%        4
 Animate Dead             Necr           0%         N/A       100%        4
 Cause Fear               Hex            0%         N/A       100%        4
 Dispel Undead            Necr           0%         3d6       100%        4
 Fulminant Prism          Conj/Hex       0%         3d5       100%        4
 Ice Form                 Ice/Tmut       0%         N/A       100%        4
 Iskenderun's Mystic Bla  Conj/Tloc      0%         2d3       100%        4
 Leda's Liquefaction      Hex/Erth       0%         N/A       100%        4
 Manifold Assault         Tloc           0%         N/A       100%        4
 Olgreb's Toxic Radiance  Pois           0%         N/A       100%        4
 Passage of Golubria      Tloc           0%         N/A       100%        4
 Sticky Flame             Conj/Fire      0%         2d3       100%        4
 Summon Lightning Spire   Summ/Air       0%         N/A       100%        4
 Agony                    Necr           0%         N/A       100%        5
 Alistair's Intoxication  Tmut/Pois      0%         N/A       100%        5
 Arcjolt                  Conj/Air       0%         1d10      100%        5
 Fireball                 Conj/Fire      0%         3d3       100%        5
 Iskenderun's Battlesphe  Conj           0%         2d6       100%        5
 Lee's Rapid Deconstruct  Erth           0%         3d4*      100%        5
 Lightning Bolt           Conj/Air       0%         1d11      100%        5
 Metabolic Englaciation   Hex/Ice        0%         N/A       100%        5
 Silence                  Hex/Air        0%         N/A       100%        5
 Yara's Violent Unravell  Hex/Tmut       0%         3d3       100%        5
 Conjure Ball Lightning   Conj/Air       0%         3x3d6     100%        6
 Death Channel            Necr           0%         N/A       100%        6
 Iron Shot                Conj/Erth      0%         9d1       100%        6
 Starburst                Conj/Fire      0%         6d3       100%        6
 Statue Form              Tmut/Erth      0%         N/A       100%        6
 Enfeeble                 Hex            0%         N/A       100%        7
 Orb of Destruction       Conj           0%         9d5       100%        7
 Ozocubu's Refrigeration  Ice            0%         4d7       100%        7
 Spellforged Servitor     Conj/Summ      0%         N/A       100%        7
 Storm Form               Tmut/Air       0%         N/A       100%        7
 Summon Hydra             Summ           0%         N/A       100%        7
 Discord                  Hex            0%         N/A       100%        8
 Ignition                 Fire           0%         3d3       100%        8
 Maxwell's Capacitive Co  Air            0%         ∞         100%        8
 Necromutation            Tmut/Necr      0%         N/A       100%        8

Inventory:

Hand Weapons
 a - the +7 Singing Sword {vorpal, sonic wave}
   (You found it on level 5 of the Dungeon)

   It inflicts extra damage upon your enemies.
   It radiates damaging sonic waves as it strikes, especially in combat
   involving dangerous or numerous foes.
 b - a +9 spectral double sword (weapon) {longrare=g}
   (Trog gifted it to you on level 2 of the Swamp)
Armour
 e - a +8 crystal plate armour (worn) {rare=g}
   (You found it on level 1 of the Dungeon)
 j - a +2 cloak of preservation
   (You took it off Maurice on level 9 of the Dungeon)
 q - a +1 pair of gloves of infusion (worn)
   (You found it in a Gauntlet)
 r - the +1 barding of Niehon (worn) {Will+ Str+3 Stlth+}
   (You acquired it on level 1 of the Lair of Beasts)

   Str:       It affects your strength (+3).
   Will:      It increases your willpower.
   Stlth:     It makes you more stealthy.
 u - the +0 helmet of the Solemn Turtledove {rF+ Int+6}
   (You found it in a Gauntlet)

   Int:       It affects your intelligence (+6).
   rF:        It protects you from fire.
 C - a +2 kite shield of poison resistance (worn)
   (You took it off a naga warrior on level 1 of the Snake Pit)
 Q - the +0 hat "Vepunueru" (worn) {rC- Will+++ Str+5}
   (You found it on level 4 of the Vaults)

   Str:       It affects your strength (+5).
   rC:        It makes you vulnerable to cold.
   Will:      It greatly increases your willpower.
 T - a scarf of resistance (worn)
   (You found it on level 5 of the Lair of Beasts)
Jewellery
 d - a ring of see invisible
   (You found it on level 1 of the Dungeon)
 t - the ring of the Bruised Continents {rC+ AC+4 Stlth+}
   (You acquired it on level 4 of the Dungeon)

   [ring of protection]

   AC:        It affects your AC (+4).
   rC:        It protects you from cold.
   Stlth:     It makes you more stealthy.
 G - the amulet of Ynnom (around neck) {Reflect rPois rC+ SH+5}
   (You found it on level 1 of the Realm of Zot)

   [amulet of reflection]

   It reflects blocked missile attacks.
   rC:        It protects you from cold.
   rPois:     It protects you from poison.
   SH:        It affects your SH (+5).
 H - the ring "Wovvyang" (right hand) {rElec rC+ Dex+6}
   (You found it on level 5 of the Pits of Slime)

   [ring of dexterity]

   Dex:       It affects your dexterity (+6).
   rC:        It protects you from cold.
   rElec:     It insulates you from electricity.
 L - a ring of positive energy
   (You found it on level 3 of the Elven Halls)
 P - a ring of flight
   (You took it off a vault guard on level 3 of the Vaults)
 V - the ring of the Evil One (left hand) {rF++ Str+6}
   (You took it off a vault sentinel on level 4 of the Vaults)

   [ring of strength]

   Str:       It affects your strength (+6).
   rF:        It greatly protects you from fire.
Wands
 n - a wand of acid (5)
   (You found it on level 3 of the Swamp)
 o - a wand of charming (30)
   (You found it on level 9 of the Dungeon)
 v - a wand of mindburst (28)
   (You took it off Erolcha on level 10 of the Dungeon)
 z - a wand of iceblast (31)
   (You took it off Maurice on level 9 of the Dungeon)
 E - a wand of digging (13)
   (You found it in an ice cave)
 X - a wand of flame (48)
   (You took it off Edmund on level 6 of the Dungeon)
Scrolls
 h - 5 scrolls of enchant weapon
 i - 6 scrolls of fear
 m - 28 scrolls of teleportation {@r4}
 s - 6 scrolls of blinking {!r}
 y - 4 scrolls of summoning
 B - a scroll of identify {@r1}
 U - 7 scrolls of fog
 Z - 2 scrolls of immolation {!r!r}
Potions
 c - 7 potions of might
 f - 17 potions of curing {@q1}
 l - a potion of mutation {!q}
 p - 2 potions of magic
 w - 5 potions of resistance
 A - 7 potions of flight
 F - a potion of berserk rage {!q}
 J - 2 potions of attraction {!q}
 K - 3 potions of invisibility
 M - 12 potions of heal wounds {@q2}
 N - 8 potions of haste {@q3}
 R - 7 potions of cancellation
Miscellaneous
 g - a lightning rod (4/4)
   (You found it on level 5 of the Vaults)
 k - a tin of tremorstones (2/2) {throwing}
   (You found it on level 5 of the Vaults)
 x - a phantom mirror
   (You found it on level 2 of the Lair of Beasts)
 I - a condenser vane
   (You found it on level 3 of the Elven Halls)
 O - a box of beasts
   (You found it on level 3 of the Snake Pit)
 W - a tin of tremorstones (2/2) {throwing}
   (You found it on level 3 of the Lair of Beasts)
 Y - a piece from Xom's chessboard (15/15)
   (You found it in an ice cave)

Dungeon Overview and Level Annotations

Branches:
Dungeon (15/15)            Temple (1/1) D:5            Lair (5/5) D:10
  Swamp (4/4) Lair:2        Snake (4/4) Lair:2        Slime (5/5) Lair:5
    Orc (2/2) D:12            Elf (3/3) Orc:2        Vaults (5/5) D:13
  Crypt (3/3) Vaults:3     Depths (4/4) D:15            Zot (5/5) Depths:4
  IceCv (visited)         Gauntlet (visited)
   Tomb: Crypt:3

Altars:
Ashenzari
Cheibriados
Dithmenos
Elyvilon
Fedhas
Gozag
Hepliaklqana
Kikubaaqudgha
Makhleb
Nemelex Xobeh
Okawaru
Qazlal
Ru
Sif Muna
Trog
Uskayaw
Vehumet
Wu Jian
Xom
Yredelemnul
Zin
The Shining One
Jiyva

Shops:
D:5 [   D:8 [   D:9 *   Orc:1 =!   Orc:2 (!(*   Elf:2 *?   Elf:3 =   Snake:2 ?[
Vaults:1 !   Vaults:2 :   Vaults:3 :*[(   Vaults:4 :   Vaults:5 ?

Portals:
Hell: Lair:5 Depths:1 Depths:2 Depths:3 Depths:4
Abyss: Depths:3
Pandemonium: Depths:2
Ziggurat: Depths:2
Trove: Vaults:1 (show abyssal rune of Zot)

Annotations:
D:9 exclusion: ice statue
D:10 exclusion: ice statue
Slime:5 Royal Jelly
Depths:1 1 runed translucent door

#.# ##.###....####.##....... #.#
#..............####.....
#.#######.####2##............###
#.#...............3..........###
#...P~~~≈~~~~P..3P~~~~~~≈~P....#
##...≈~≈~~A~≈≈~...~~≈~~~~≈≈≈..#..
.....~≈≈~~~~≈~~...~~~~~~~≈≈~..##.
###..P≈~~≈~~≈~.....~≈~~~~~~P..##.
##............@.............##.
####.P~~≈~≈J~~.....~~≈≈~~~~P..##.
#....~≈≈~~~~≈≈~...~~≈~~~~~≈~..###
#.#..~≈≈~~~~≈≈~...~≈≈~~~~≈~~..###
#.#..P~≈≈~~~~~P...P≈~~~~~~≈P.....
#.#..............................
#.#..............######..##......
#.#.........#...............#....
#.#.#######.#.##.#########.......


You could see a balrug, a cherub, 2 sun demons and a neutral jelly (wandering)
(fellow slime).


Message History

😕 HP[-4] MP[+1]
You take 4 damage, and now have 242/246 hp.
Your mp is fully restored (23).
You closely miss the neqoxec.
Your tail-slap misses the neqoxec.
Your +9 spectral double sword {longrare=g} hits the neqoxec!
You kill the neqoxec! 😕 HP[+1] No target in view! 😎 HP[+3]
Your hp is fully restored (246).
There is a staircase leading out of the dungeon here.
You stop calling forth ooze.
An Orb Guardian comes into view.
You enter the shallow water.
Moving in this stuff is going to be slow.
You slice the Orb Guardian!!
Your +9 spectral double sword {longrare=g} hits the Orb Guardian!
The Orb Guardian hits you. 😕 HP[-2]
You take 2 damage, and now have 244/246 hp.
You hit the Orb Guardian.
Your tail-slap misses the Orb Guardian.
Your +9 spectral double sword {longrare=g} hits the Orb Guardian!
You block the Orb Guardian's attack. 😕 HP[+1] MP[-1]
You lost 1 mp, and now have 22/23 mp.
You slash the Orb Guardian!
Your +9 spectral double sword {longrare=g} closely misses the Orb Guardian.
You block the Orb Guardian's attack. 😎 HP[+1]
Your hp is fully restored (246).
You barely miss the Orb Guardian.
Your tail-slap misses the Orb Guardian.
Your +9 spectral double sword {longrare=g} closely misses the Orb Guardian.
You block the Orb Guardian's attack.
You block the Orb Guardian's attack. 😎 MP[+1]
Your mp is fully restored (23).
You closely miss the Orb Guardian.
Your tail-slap misses the Orb Guardian.
Your +9 spectral double sword {longrare=g} hits the Orb Guardian!
You kill the Orb Guardian! 😕 HP[+1]
You now have 248 max hp (+2).
No target in view! 😎 HP[+1]
Your hp is fully restored (248).
Activating: Oozemancy (1% risk of failure)
Press: ? - help, Dir - look around, f - activate Slime begins to ooze from the nearby walls!
Jiyva says: Divide and consume!
A cherub comes into view.
It is wielding a +2 flail of flaming. 😎 MP[-2]
You lost 2 mp, and now have 21/23 mp.
The cherub unwields a +2 flail of flaming.
It stops flaming.
The cherub wields a +0 shortbow.
The cherub shoots an arrow.
You reflect the arrow off an invisible shield around you!
The arrow hits the cherub! 😎 MP[+1] 😎 MP[+1]
Your mp is fully restored (23).
Unknown command.
The cherub shoots an arrow.
The arrow hits you but does no damage.
Unknown command.
The cherub shoots an arrow.
The arrow hits you but does no damage.
You hear a distant slurping noise.
Unknown command.
The cherub shoots an arrow.
You reflect the arrow off an invisible shield around you!
The arrow misses the cherub.
Unknown command.
The cherub shoots an arrow.
You reflect the arrow off an invisible shield around you!
The arrow hits the cherub!
Unknown command.
The cherub shoots an arrow.
You reflect the arrow off an invisible shield around you!
The arrow misses the cherub.
Unknown command.
Unknown command.
The cherub shoots an arrow.
The arrow hits you!
A balrug and 2 sun demons come into view. 😕 HP[-16]
You take 16 damage, and now have 232/248 hp.
Unknown command.
You stop calling forth ooze.
The sun demon shouts! x2
The cherub shoots an arrow.
You reflect the arrow off an invisible shield around you!
The arrow misses the cherub. 😕 HP[+2]
You regained 2 hp, and now have 234/248 hp.
Unknown command.
There is a staircase leading out of the dungeon here. 😕 HP[+2]
You regained 2 hp, and now have 236/248 hp.
Unknown command.
The cherub shoots an arrow.
You reflect the arrow off an invisible shield around you!
The arrow hits the cherub!!
The balrug gestures at you.
The bolt of fire hits you but does no damage.
You have escaped!

Skill      XL: |  1  2  3  4  5  6  7  8  9 10 11 12 13 14 15 16 17 18 19 20 21 22 23 24 25 26 |
---------------+-------------------------------------------------------------------------------+-----
Long Blades    | 3 4 5 6 8 9 12 15 16 19 20 21 | 21.6
Armour         | 3 4 5 6 7 9 13 18 22 23 24 25 27 | 27.0
Fighting       | 3 5 8 9 13 17 20 22 23 24 25 | 25.4
Shields        | 2 12 15 19 20 21 22 25 | 25.1
Evocations     | 12 | 12.1
Dodging        | 10 14 | 14.4

Action                   |  1- 3 |  4- 6 |  7- 9 | 10-12 | 13-15 | 16-18 | 19-21 | 22-24 | 25-27 || total
-------------------------+-------+-------+-------+-------+-------+-------+-------+-------+-------++-------
Melee: Falchion          |   119 |   240 |   100 |       |       |       |       |       |       ||   459
       Tailslap          |    16 |    37 |    26 |    46 |   120 |   192 |   311 |   464 |   199 ||  1411
       Punch             |       |     2 |     2 |     5 |     3 |       |       |       |       ||    12
       Double sword      |       |       |   136 |   364 |   803 |  1089 |  1369 |  1894 |   763 ||  6418
       Eveningstar       |       |       |       |       |    13 |       |       |       |       ||    13
       Bite              |       |       |       |       |       |       |       |    37 |       ||    37
Invok: Berserk           |       |       |     1 |     4 |     6 |    11 |    12 |       |       ||    34
       Trog's Hand       |       |       |       |     4 |     6 |    13 |    29 |       |       ||    52
       Brothers in Arms  |       |       |       |       |     1 |       |       |       |       ||     1
       Oozemancy         |       |       |       |       |       |       |       |       |     7 ||     7
Evoke: Wand              |       |       |       |    12 |       |       |     3 |     2 |     3 ||    20
       Tin of tremorston |       |       |       |       |       |       |     4 |       |       ||     4
       Box of beasts     |       |       |       |       |       |       |     1 |       |       ||     1
       Phantom mirror    |       |       |       |       |       |       |     1 |       |       ||     1
  Use: Scroll            |     2 |     7 |     4 |    14 |    11 |     5 |     6 |    12 |     5 ||    66
       Potion            |       |       |       |     1 |     2 |     4 |    10 |     8 |    17 ||    42
 Stab: Distracted        |       |       |       |       |     1 |     1 |     1 |     1 |     9 ||    13
       Invisible         |       |       |       |       |       |       |     3 |       |       ||     3
Armor: Animal skin       |     4 |       |       |       |       |       |       |       |       ||     4
       Crystal plate arm |    89 |   258 |   213 |   247 |   622 |   875 |   682 |   854 |   381 ||  4221
Dodge: Dodged            |    10 |    38 |    46 |    39 |    28 |    87 |   185 |   362 |   180 ||   975
Block: Tower shield      |       |       |       |       |   583 |   259 |       |       |       ||   842
       Kite shield       |       |       |       |       |       |   622 |   863 |  1617 |   589 ||  3691
       Reflection        |       |       |       |       |       |       |    28 |    65 |    12 ||   105

Levels and vault maps discovered:
D:1:      giann_bridges, layout_basic
D:2:      layout_basic
D:3:      layout_basic, shapermc_ecumenical_altar_ellora, nrook_mini_vaults
D:4:      layout_loops_ring, grunt_temple_overflow_order_and_chaos_2,
          nicolae_ru_path_of_blood, mainiacjoe_overflow_alcove_1
D:5:      old_forge, layout_rooms, mainiacjoe_overflow_paths,
          kennysheep_little_box, temple_pool_b, serial_shops,
          nicolae_inconvenience_store
D:6:      layout_basic, uniq_edmund
D:7:      layout_cave_pools, lemuel_tele_altar, lemuel_zombie_altar_yredelemnul,
          mainiacjoe_overflow_boulevard, uniq_joseph, uniq_maggie
D:8:      layout_basic, fedhas_bush_and_centaur_altar, serial_shops, shop
D:9:      cheibrodos_frozen_isle, layout_basic, serial_shops, kennysheep_mini,
          kennysheep_boxes, uniq_maurice
D:10:     lemuel_ice_statue, layout_basic, due_lair_maze_entry_diamond,
          uniq_nergalle, uniq_psyche, uniq_erolcha
D:11:     layout_loops_ring, uniq_grum
D:12:     layout_basic, orc_0_dummy, gauntlet_entry_generic, serial_bayou_lake_a
D:13:     layout_loops_ring, lightli_vaults_fourway_checkpoint
D:14:     layout_small_grid
D:15:     grunt_enter_depths_hoard, layout_irregular_city, skrybe_limestone_x
Temple:   nicolae_temple_x_marks_the_god
Lair:1:   layout_hall_layers, lemuel_fruit_fields, uniq_erica
Lair:2:   gammafunk_lair_enchanted_lake, layout_regular_city, swamp_mist_pool
Lair:3:   layout_regular_city, nicolae_lair_lil_pond, infiniplex_staircase_pool,
          grunt_megastairs_4
Lair:4:   lemuel_slime, layout_regular_city, basic_altar, st_stairs_3,
          kilobyte_rumbling_trees
Lair:5:   evil_forest, layout_cave_pods, slime_entry_1,
          chequers_serial_rivers_marsh
Swamp:1:  layout_basic_swamp, hellmonk_ghost_happy_afterlife,
          evilmike_swamp_ruin_house_5
Swamp:2:  layout_basic_swamp, nicolae_swamp_godswood, swamp_pool1
Swamp:3:  layout_basic_swamp, nicolae_swamp_treefoil,
          nicolae_swamp_stuck_in_the_mud
Swamp:4:  swamp_alternative, layout_basic_swamp
Snake:1:  nicolae_snake_hallway, layout_gridlike, special_room, basic_altar
Snake:2:  layout_rooms, serial_shops, bzr_entry_road, shop, shop_fountains,
          grunt_megastairs_5, uniq_asterion
Snake:3:  layout_rooms, basic_altar
Snake:4:  grunt_snake_rune_pools, layout_onion_interference,
          grunt_ministairs_13, st_stairs_9
Slime:1:  layout_caves, cheibrodos_slime_lost_civilization_7
Slime:2:  layout_caves
Slime:3:  layout_caves
Slime:4:  layout_caves
Slime:5
Orc:1:    layout_diamond_mine, serial_shops, nicolae_lakefront_shop,
          nicolae_diamond_shop, guppyfry_library_mini
Orc:2:    st_orc_open, layout_caves, portal_ice_cave_entry_ice_simulacra,
          serial_shops, bzr_entry_dummy, nicolae_orc_lava_room, uniq_donald
Elf:1:    elf_arrival_002, layout_gridlike, hangedman_elf_disciples,
          lemuel_upstairs_altar
Elf:2:    elven_hall_of_blades_hangedman_alternative
          [nicolae_blade_entry_antechamber], layout_onion_city, minmay_shoptagon
Elf:3:    grunt_elf_hall_asides, layout_geoelf_castle, serial_shops, shop
Vaults:1: vaults_room_grid, grunt_vaults_funnel, hangedman_vaults_slice,
          v_alt_pattern_4, vaults_room_ringed_pool, v_alt_pattern_6,
          layout_vaults_omnigrid, serial_shops, shop,
          nicolae_trove_entry_columns
Vaults:2: vaults_room_pools, v_misc_18, hangedman_vaults_nails,
          hangedman_vaults_nodes, v_misc_16, v_rooms_3, v_misc_4,
          grunt_vaults_bifocal, v_misc_4, layout_vaults_omnibox, serial_shops,
          shop
Vaults:3: gammafunk_ghost_necromancy, minmay_crypt_entry_simple_corners,
          hangedman_vaults_capsules, nicolae_vaults_border_crossing,
          hangedman_vaults_trim, hangedman_vaults_locks, st_check,
          vaults_room_door_ring, nicolae_vaults_network_periphery, v_misc_8,
          vaults_room_pools, layout_vaults_omnicross, serial_shops,
          nicolae_lakefront_shop, shop, shop, shop, uniq_boris
Vaults:4: gammafunk_ghost_tricky_traps, hangedman_vaults_trim,
          hangedman_vaults_unwind, nicolae_vaults_puzzle_piece,
          vaults_standard_mumra_enter_the_diamond, vaults_dpeg_encased_lava,
          vaults_room_pool, st_greater_box_3, vaults_standard_mumra_x,
          vaults_room_boxed, vaults_mumra_chevron, v_alt_pattern_1,
          nicolae_vaults_asterisk, hangedman_vaults_stretched_pinwheel,
          ontoclasm_vaults_fault, vaults_dpeg_diagonal, layout_vaults_maze,
          serial_shops, nicolae_shop_statue_plus
Vaults:5: uniq_bai_suzhen
Crypt:1:  layout_misc_corridors
Crypt:2:  layout_misc_corridors
Crypt:3:  quadcrypt_mu
Depths:1: layout_gridlike, grunt_hell_horde, elyvilon_altar_4,
          lemuel_angel_altar, serial_bayou_shore_b,
          roderic_lattice_octagonal_star
Depths:2: minmay_split_circle, layout_cave_pools, enter_ziggurat_b,
          rand_demon_pan_entry_4, grunt_hell_entry_dis_old,
          infiniplex_staircase_zigzag_4, st_stairs_2
Depths:3: nicolae_legendary_halls, layout_gridville, abyss_entry, hellmouth_1,
          nicolae_vehumet_altar_sigil
Depths:4: lemuel_castle_with_subvaults [lemuel_castle_interior_carwin_3],
          layout_gridlike, pf_coc_iceberg, uniq_grunn
Zot:1:    gammafunk_its_a_trap, layout_gridville
Zot:2:    nicolae_zot_stationary_front, layout_gridlike
Zot:3:    layout_misc_corridors, st_stairs_1
Zot:4:    layout_gridlike, hangedman_elemental_grid_stream
Zot:5:    layout_twisted_circle

Notes
Turn   | Place    | Note
-------+----------+-------------------------------------------
     0 | D:1      | MackTheKnife the Armataur Berserker began the quest for the
                  | Orb.
     0 | D:1      | Reached XP level 1. HP: 19/19 MP: 1/1
     0 | D:1      | magus.rc [v1.9.6]
    26 | D:1      | Identified a +0 crystal plate armour
    27 | D:1      | e - a +0 crystal plate armour {rare=g}
    38 | D:1      | You finish putting on your +0 crystal plate armour
                  | {rare=g}.
    67 | D:1      | Reached skill level 3 in Long Blades
    73 | D:1      | Reached XP level 2. HP: 24/26 MP: 2/2
   295 | D:1      | Reached skill level 3 in Armour
   518 | D:1      | You finish taking off your +0 crystal plate armour
                  | {rare=g}.
   533 | D:1      | You finish putting on your +0 crystal plate armour
                  | {rare=g}.
  1043 | D:2      | Reached XP level 3. HP: 32/32 MP: 3/3
  1158 | D:2      | You fall into a shaft and drop 2 floors!
  1540 | D:2      | Reached ** piety under Trog
  2158 | D:3      | Reached skill level 4 in Armour
  2158 | D:3      | Reached XP level 4. HP: 36/39 MP: 4/4
  2271 | D:3      | Reached skill level 4 in Long Blades
  2626 | D:3      | Reached XP level 5. HP: 44/44 MP: 5/5
  2796 | D:3      | Found a faded altar of an unknown god.
  2887 | D:4      | Identified a scroll of acquirement
  2887 | D:4      | Acquired the ring of the Bruised Continents {rC+ AC+4
                  | Stlth+}
  2923 | D:4      | Reached *** piety under Trog
  3006 | D:4      | Reached skill level 5 in Armour
  3228 | D:4      | You pick up a book of Air {forbidden} and begin reading...
  3228 | D:4      | You add the spells Shock, Swiftness and Airstrike to your
                  | library.
  3256 | D:4      | Found a sacrificial altar of Ru.
  3318 | D:4      | Reached XP level 6. HP: 39/53 MP: 6/6
  3424 | D:4      | Found a burning altar of Makhleb.
  3427 | D:4      | Found a glowing silver altar of Zin.
  3427 | D:4      | Noticed an angel
  3428 | D:4      | Noticed a green death
  3489 | D:4      | Identified the +2 whip of the Battered Blessings {holy,
                  | rPois}
  3561 | D:4      | Found a shimmering blue altar of Sif Muna.
  3645 | D:4      | Reached skill level 5 in Long Blades
  3838 | D:5      | Entered Level 5 of the Dungeon
  3875 | D:5      | Reached skill level 6 in Armour
  3893 | D:5      | Found a staircase to the Ecumenical Temple.
  3999 | D:5      | your +0 crystal plate armour {rare=g} glows green for a
                  | moment.
  4000 | D:5      | your +1 crystal plate armour {rare=g} glows green for a
                  | moment.
  4001 | D:5      | your +2 crystal plate armour {rare=g} glows green for a
                  | moment.
  4109 | D:5      | Found a hide-covered altar of Uskayaw.
  4118 | D:5      | Reached XP level 7. HP: 59/59 MP: 7/7
  4346 | D:5      | Reached skill level 7 in Armour
  4369 | D:5      | Reached skill level 6 in Long Blades
  4409 | D:5      | Found the +7 Singing Sword {vorpal, sonic wave}
  4487 | D:5      | Found Eluoshryrui's Armour Shoppe.
  4570 | D:5      | Bought a +0 tower shield for 63 gold pieces
  4805 | D:5      | Found a snail-covered altar of Cheibriados.
  4809 | D:5      | You pick up a book of Hexes {forbidden} and begin
                  | reading...
  4809 | D:5      | You add the spells Inner Flame, Cause Fear and Discord to
                  | your library.
  4909 | D:6      | Noticed Edmund
  4917 | D:6      | Killed Edmund
  4917 | D:6      | Reached **** piety under Trog
  4918 | D:6      | Reached skill level 3 in Fighting
  4918 | D:6      | Reached XP level 8. HP: 21/66 MP: 8/8
  5077 | D:6      | Reached skill level 4 in Fighting
  5077 | D:6      | Reached skill level 7 in Long Blades
  5212 | D:6      | Reached skill level 5 in Fighting
  5372 | D:6      | Reached skill level 8 in Long Blades
  5503 | D:6      | Reached XP level 9. HP: 80/80 MP: 9/9
  5608 | D:7      | Found a sparkling altar of Nemelex Xobeh.
  5619 | D:7      | Noticed Joseph
  5627 | D:7      | Killed Joseph
  5628 | D:7      | Reached skill level 6 in Fighting
  5645 | D:7      | Identified the +1 demon whip of Loat {elec, rF+ Dex-3
                  | Stlth+}
  5676 | D:7      | You pick up a book of Debilitation {forbidden} and begin
                  | reading...
  5676 | D:7      | You add the spells Slow, Vampiric Draining and Confusing
                  | Touch to your library.
  5719 | D:7      | Reached skill level 9 in Long Blades
  5753 | D:7      | Found an ancient bone altar of Kikubaaqudgha.
  5758 | D:7      | Reached skill level 7 in Fighting
  5817 | D:7      | Identified the +10 shortbow of the Endless Expanse {freeze,
                  | rN++ Will-}
  6225 | D:7      | Noticed Maggie
  6231 | D:7      | Killed Maggie
  6260 | D:7      | Found a basalt altar of Yredelemnul.
  6310 | D:8      | Reached ***** piety under Trog
  6319 | D:8      | Reached skill level 8 in Fighting
  6319 | D:8      | Reached XP level 10. HP: 73/94 MP: 10/10
  6320 | D:8      | Reached skill level 10 in Long Blades
  6359 | D:8      | You pick up a book of the Sky {forbidden} and begin
                  | reading...
  6359 | D:8      | You add the spells Summon Lightning Spire, Storm Form and
                  | Maxwell's Capacitive Coupling to your library.
  6404 | D:8      | Found Wuuhak's Armour Shoppe.
  6412 | D:8      | Bought a +0 pair of gloves for 67 gold pieces
  6463 | D:8      | Found a blossoming altar of Fedhas.
  6467 | D:8      | Identified the +6 flail of Indignation {flame, rC+ Will-
                  | Int+9}
  6877 | D:9      | Reached skill level 11 in Long Blades
  7019 | D:9      | Noticed an ice statue
  7130 | D:9      | Reached skill level 12 in Long Blades
  7141 | D:9      | Reached XP level 11. HP: 80/101 MP: 11/11
  7199 | D:9      | Noticed Maurice
  7205 | D:9      | Killed Maurice
  7330 | D:9      | Found Zopofius's General Store.
  7333 | D:9      | Bought a scroll of blinking for 127 gold pieces
  7410 | D:9      | Received a gift from Trog
  8067 | D:10     | Entered Level 10 of the Dungeon
  8091 | D:10     | Noticed a two-headed ogre
  8096 | D:10     | Reached skill level 13 in Long Blades
  8096 | D:10     | Killed a two-headed ogre
  8136 | D:10     | Noticed Erolcha
  8141 | D:10     | Killed Erolcha
  8143 | D:10     | Found a staircase to the Lair.
  8146 | D:10     | Noticed Nergalle
  8155 | D:10     | Killed Nergalle
  8158 | D:10     | Reached skill level 14 in Long Blades
  8282 | D:10     | Paralysed by a hornet for 1 turns
  8408 | D:10     | Noticed Psyche
  8417 | D:10     | Killed Psyche
  8657 | D:10     | HP: 24/101 [electric eel/bolt of electricity (12)]
  8658 | D:10     | HP: 11/101 [electric eel/bolt of electricity (4)]
  9082 | D:11     | Received a gift from Trog
  9094 | D:11     | Reached skill level 15 in Long Blades
  9095 | D:11     | Noticed a boulder beetle
  9098 | D:11     | Reached XP level 12. HP: 91/110 MP: 12/12
  9108 | D:11     | Killed a boulder beetle
  9128 | D:11     | Noticed Grum
  9137 | D:11     | Killed Grum
  9750 | D:12     | Found a gate leading to a gauntlet.
  9759 | Gauntlet | Entered a Gauntlet
  9759 | Gauntlet | Found a transporter.
  9762 | Gauntlet | Found a transporter.
  9764 | Gauntlet | Found a transporter.
  9764 | Gauntlet | Found the ring of Shadows {Umbra +Inv Stlth+}
  9767 | Gauntlet | Found a transporter.
  9768 | Gauntlet | Found a transporter.
  9769 | Gauntlet | Found a large runed translucent door.
  9770 | Gauntlet | Found a large runed translucent door.
  9771 | Gauntlet | Found a large runed translucent door.
  9771 | Gauntlet | Found a large runed translucent door.
  9771 | Gauntlet | Found a runed translucent door.
  9771 | Gauntlet | Found a transporter.
  9772 | Gauntlet | Found a large runed translucent door.
  9773 | Gauntlet | Found a large runed translucent door.
  9774 | Gauntlet | Found a large runed translucent door.
  9774 | Gauntlet | Found a large runed translucent door.
  9775 | Gauntlet | Found a runed translucent gate.
  9775 | Gauntlet | Found a runed translucent gate.
  9776 | Gauntlet | Found a transporter.
  9777 | Gauntlet | Found a transporter.
  9797 | Gauntlet | Found a transporter.
  9814 | Gauntlet | Found a transporter.
  9818 | Gauntlet | Found a transporter.
  9820 | Gauntlet | Noticed a reaper
  9826 | Gauntlet | Found a transporter.
  9889 | Gauntlet | Found a large runed translucent door.
  9890 | Gauntlet | Found a large runed translucent door.
  9891 | Gauntlet | Found a large runed translucent door.
  9891 | Gauntlet | Found a large runed translucent door.
  9891 | Gauntlet | Found a runed translucent door.
  9892 | Gauntlet | Found a large runed translucent door.
  9893 | Gauntlet | Found a large runed translucent door.
  9894 | Gauntlet | Found a large runed translucent door.
  9894 | Gauntlet | Found a large runed translucent door.
  9895 | Gauntlet | Found a runed translucent gate.
 10053 | Gauntlet | Identified the +0 helmet of the Solemn Turtledove {rF+
                  | Int+6}
 10095 | Gauntlet | Noticed a minotaur
 10100 | Gauntlet | Killed a minotaur
 10101 | Gauntlet | Reached skill level 16 in Long Blades
 10117 | Gauntlet | You add the spells Momentum Strike, Lesser Beckoning,
                  | Teleport Other, Manifold Assault and Statue Form to your
                  | library.
 10117 | Gauntlet | Got the Teachings on Peregrination and Grit {forbidden}
 10805 | D:12     | Noticed a two-headed ogre
 10809 | D:12     | Killed a two-headed ogre
 10844 | D:12     | Found a staircase to the Orcish Mines.
 11225 | Lair:1   | Entered Level 1 of the Lair of Beasts
 11276 | Lair:1   | Reached skill level 9 in Fighting
 11276 | Lair:1   | Reached skill level 8 in Armour
 11309 | Lair:1   | Reached skill level 9 in Armour
 11959 | Lair:1   | Acquired the +1 barding of Niehon {Will+ Str+3 Stlth+}
 12083 | Lair:1   | Noticed Erica
 12090 | Lair:1   | Killed Erica
 12091 | Lair:1   | Reached skill level 1 in Shields
 12233 | Lair:2   | Found a staircase to the Swamp.
 12238 | Lair:2   | Reached skill level 2 in Shields
 12273 | Lair:2   | Reached XP level 13. HP: 104/120 MP: 9/13
 12310 | Lair:2   | You add the spells Ignite Poison, Sticky Flame and Ignition
                  | to your library.
 12320 | Lair:2   | Reached skill level 3 in Shields
 12513 | Lair:2   | Reached skill level 4 in Shields
 12635 | Lair:2   | Reached skill level 5 in Shields
 12782 | Lair:2   | Reached ****** piety under Trog
 12784 | Lair:2   | Reached skill level 6 in Shields
 13034 | Lair:2   | Found a staircase to the Snake Pit.
 13120 | Lair:2   | Noticed a dire elephant
 13140 | Lair:2   | Found a runed translucent door.
 13222 | Lair:2   | Reached skill level 7 in Shields
 13484 | Lair:2   | Killed a dire elephant
 13485 | Lair:2   | Reached skill level 8 in Shields
 13597 | Lair:2   | Identified the +8 eveningstar of False Accusations
                  | {protect, rPois rF+ rC- Dex+2}
 13598 | Lair:2   | S - the +8 eveningstar of False Accusations {protect, rPois
                  | rF+ rC- Dex+2, macerare=g}
 13601 | Lair:2   | You drop the +8 eveningstar of False Accusations {protect,
                  | rPois rF+ rC- Dex+2, macerare=g}.
 13602 | Lair:2   | S - the +8 eveningstar of False Accusations {protect, rPois
                  | rF+ rC- Dex+2, macerare=g}
 13940 | Lair:3   | Reached skill level 9 in Shields
 13997 | Lair:3   | Paralysed by a hornet for 3 turns
 14882 | Lair:4   | Reached skill level 10 in Shields
 15109 | Lair:4   | You pick up a book of Dangerous Friends {forbidden} and
                  | begin reading...
 15109 | Lair:4   | You add the spells Summon Guardian Golem, Orb of
                  | Destruction and Spellforged Servitor to your library.
 15124 | Lair:4   | Found a sparkling altar of Nemelex Xobeh.
 15338 | Lair:4   | Reached skill level 11 in Shields
 15459 | Lair:4   | Received a gift from Trog
 16076 | Lair:5   | Entered Level 5 of the Lair of Beasts
 16093 | Lair:5   | Reached skill level 12 in Shields
 16152 | Lair:5   | Reached XP level 14. HP: 127/127 MP: 0/14
 16474 | Lair:5   | Reached skill level 13 in Shields
 16728 | Lair:5   | Received a gift from Trog
 16744 | Lair:5   | Found a burning altar of Makhleb.
 16770 | Lair:5   | Reached skill level 14 in Shields
 16864 | Lair:5   | Found a gateway to Hell.
 16864 | Lair:5   | Found the +18 Lear's hauberk
 16872 | Lair:5   | You add the spells Olgreb's Toxic Radiance and Ozocubu's
                  | Refrigeration to your library.
 17131 | Lair:5   | Found a viscous altar of Jiyva.
 17131 | Lair:5   | Found a staircase to the Slime Pits.
 17202 | Lair:5   | Reached skill level 15 in Shields
 17258 | Lair:5   | Reached skill level 10 in Fighting
 18068 | Orc:1    | Entered Level 1 of the Orcish Mines
 18261 | Orc:1    | Received a gift from Trog
 18311 | Orc:1    | Acquired a manual of Fighting
 18410 | Orc:1    | Found Bippahod's Distillery.
 18413 | Orc:1    | You drop the +8 eveningstar of False Accusations {protect,
                  | rPois rF+ rC- Dex+2, macerare=g}.
 18415 | Orc:1    | S - the +8 eveningstar of False Accusations {protect, rPois
                  | rF+ rC- Dex+2, macerare=g}
 18424 | Orc:1    | Bought a potion of heal wounds for 75 gold pieces
 18424 | Orc:1    | Bought a potion of heal wounds for 75 gold pieces
 18573 | Orc:1    | Found Ajycruh's Jewellery Shop.
 18842 | Orc:2    | Entered Level 2 of the Orcish Mines
 18842 | Orc:2    | Noticed Donald
 18851 | Orc:2    | Killed Donald
 18852 | Orc:2    | Reached skill level 11 in Fighting
 18879 | Orc:2    | Reached skill level 12 in Fighting
 18888 | Orc:2    | Reached skill level 13 in Fighting
 18889 | Orc:2    | Found a frozen archway.
 18892 | Orc:2    | HP: 31/138 [ogre/+0 giant spiked club (5)]
 18893 | Orc:2    | HP: 9/138 [two-headed ogre/+0 giant spiked club (11)]
 19020 | Orc:2    | Paralysed by an ogre mage for 4 turns
 19026 | Orc:1    | Received a gift from Trog
 19029 | Orc:1    | Reached XP level 15. HP: 75/146 MP: 11/15
 19059 | Orc:2    | HP: 24/146 [ogre/+0 giant club (14)]
 19072 | Orc:1    | Reached skill level 14 in Fighting
 19181 | Orc:2    | Found a flickering gateway to a bazaar.
 19190 | Bazaar   | Entered a bazaar
 19205 | Bazaar   | Found Cuah's Book Shoppe.
 19205 | Bazaar   | Found Qoiggufy's Assorted Antiques.
 19226 | Bazaar   | Found Sutun's Magic Scroll Shoppe.
 19226 | Bazaar   | Found Pucemigg's Weapon Emporium.
 19247 | Bazaar   | Found Jiax's Antique Weapon Emporium.
 19307 | IceCv    | Entered an ice cave
 19491 | IceCv    | Identified a +2 robe of the Archmagi
 19492 | IceCv    | Identified a +0 crystal plate armour
 19493 | IceCv    | P - a +0 crystal plate armour {rare=g}
 19494 | IceCv    | You drop a +0 crystal plate armour {rare=g}.
 19638 | Orc:2    | Found Lumiwaha's Weapon Boutique.
 19638 | Orc:2    | Found Cifuomim's Weapon Shoppe.
 19643 | Orc:2    | Found Soibick's Assorted Antiques.
 19645 | Orc:2    | Found Jakkerry's Distillery.
 19652 | Orc:2    | Bought a scroll labelled RUQAR DUYPIXT for 29 gold pieces
 19696 | Orc:2    | Bought a potion of heal wounds for 65 gold pieces
 19696 | Orc:2    | Bought a potion of heal wounds for 65 gold pieces
 19696 | Orc:2    | Bought a potion of mutation for 104 gold pieces
 19696 | Orc:2    | Bought 2 potions of haste for 260 gold pieces
 19696 | Orc:2    | Bought a potion of haste for 130 gold pieces
 19716 | Orc:2    | Found a staircase to the Elven Halls.
 19829 | Orc:2    | Reached skill level 15 in Fighting
 20086 | Elf:1    | Entered Level 1 of the Elven Halls
 20203 | D:13     | You drop the +8 eveningstar of False Accusations {protect,
                  | rPois rF+ rC- Dex+2, macerare=g}.
 20204 | D:13     | S - the +8 eveningstar of False Accusations {protect, rPois
                  | rF+ rC- Dex+2, macerare=g}
 20294 | D:13     | the +8 eveningstar of False Accusations {protect, rPois rF+
                  | rC- Dex+2, macerare=g} hums with potential!
 20294 | D:13     | S - the +8 eveningstar of False Accusations (weapon)
                  | {protect, rPois rF+ rC- Dex+2, macerare=g}
 20304 | D:13     | the +8 eveningstar of False Accusations {protect, rPois rF+
                  | rC- Dex+2, macerare=g} goes still.
 20605 | D:13     | the +8 eveningstar of False Accusations {protect, rPois rF+
                  | rC- Dex+2, macerare=g} hums with potential!
 20605 | D:13     | S - the +8 eveningstar of False Accusations (weapon)
                  | {protect, rPois rF+ rC- Dex+2, macerare=g}
 20611 | D:13     | the +8 eveningstar of False Accusations {protect, rPois rF+
                  | rC- Dex+2, macerare=g} goes still.
 20646 | D:13     | Found a gate to the Vaults.
 20653 | D:13     | Reached skill level 16 in Fighting
 20676 | D:13     | your +3 crystal plate armour {rare=g} glows green for a
                  | moment.
 21204 | D:14     | Received a gift from Trog
 21355 | D:14     | Reached skill level 17 in Fighting
 21590 | D:14     | Reached skill level 10 in Armour
 22006 | D:15     | Entered Level 15 of the Dungeon
 22092 | D:15     | Reached skill level 11 in Armour
 22326 | D:15     | Reached skill level 12 in Armour
 22573 | D:15     | Found a staircase to the Depths.
 23188 | Snake:1  | Entered Level 1 of the Snake Pit
 23337 | Orc:1    | Bought a ring of poison resistance for 320 gold pieces
 23555 | Snake:1  | Reached skill level 13 in Armour
 23555 | Snake:1  | Reached XP level 16. HP: 159/165 MP: 7/16
 23739 | Snake:1  | Found the +8 arc blade {discharge, rElec}
 23775 | Snake:1  | Reached skill level 14 in Armour
 23948 | Snake:1  | Received a gift from Trog
 24540 | Snake:1  | Found a sacrificial altar of Ru.
 24673 | Snake:2  | Noticed Asterion
 24688 | Snake:2  | Killed Asterion
 24689 | Snake:2  | Reached skill level 15 in Armour
 24767 | Snake:2  | Identified the +2 chain mail of Mutualism {rC+ Dex+4}
 24815 | Snake:2  | Reached skill level 16 in Armour
 24870 | Snake:2  | Found Asaunluck's Antique Armour Shop.
 24875 | Snake:2  | Found Hyfusej's Magic Scroll Emporium.
 24890 | Snake:2  | Bought a scroll of magic mapping for 105 gold pieces
 24926 | Snake:2  | Received a gift from Trog
 24977 | Snake:2  | Reached skill level 17 in Armour
 24998 | Snake:2  | Found a flickering gateway to a bazaar.
 25004 | Bazaar   | Entered a bazaar
 25070 | Bazaar   | Found Utsoah's General Store.
 25075 | Bazaar   | Bought a scroll of enchant armour for 52 gold pieces
 25086 | Bazaar   | Found Wips's Antique Weapon Emporium.
 25086 | Bazaar   | Found Veryet's General Store.
 25108 | Bazaar   | Found Deavuur's General Store.
 25124 | Bazaar   | Found Deruaz Ymu's General Store.
 25124 | Bazaar   | Found Uvampuf's Book Shoppe.
 25129 | Bazaar   | Bought a potion of heal wounds for 35 gold pieces
 25129 | Bazaar   | Bought a scroll of enchant armour for 52 gold pieces
 25129 | Bazaar   | your +4 crystal plate armour {rare=g} glows green for a
                  | moment.
 25130 | Bazaar   | your +5 crystal plate armour {rare=g} glows green for a
                  | moment.
 25211 | Bazaar   | Bought 2 potions of might for 56 gold pieces
 25231 | Bazaar   | Bought a potion of heal wounds for 80 gold pieces
 25442 | Snake:2  | You pick up a book of Power {forbidden} and begin
                  | reading...
 25442 | Snake:2  | You add the spells Iskenderun's Battlesphere and Iron Shot
                  | to your library.
 25854 | Snake:3  | Found a burning altar of Makhleb.
 25991 | Snake:3  | Reached skill level 18 in Armour
 26567 | Snake:4  | Entered Level 4 of the Snake Pit
 26568 | Snake:4  | magus.rc [v1.9.6]
 26634 | Snake:4  | Reached XP level 17. HP: 108/172 MP: 4/17
 26689 | Snake:4  | Reached skill level 19 in Armour
 27220 | Snake:4  | Reached skill level 20 in Armour
 27633 | Snake:4  | You pick up a book of Burglary {forbidden} and begin
                  | reading...
 27633 | Snake:4  | You add the spells Passwall and Ensorcelled Hibernation to
                  | your library.
 27847 | Snake:4  | Reached skill level 21 in Armour
 27958 | Snake:4  | Got a serpentine rune of Zot
 28554 | Swamp:1  | Entered Level 1 of the Swamp
 29017 | Swamp:1  | You pick up a book of Blood {forbidden} and begin
                  | reading...
 29017 | Swamp:1  | You add the spells Sublimation of Blood, Wereblood and
                  | Summon Hydra to your library.
 29026 | Swamp:1  | Noticed RatherSlowDeath's ghost (adept DsWr)
 29167 | Swamp:1  | Found a runed translucent door.
 29334 | Swamp:1  | Killed RatherSlowDeath's ghost
 29396 | Swamp:2  | Received a gift from Trog
 29397 | Swamp:2  | Reached skill level 22 in Armour
 29399 | Swamp:2  | Q - a +3 double sword {longrare=g}
 29400 | Swamp:2  | You drop a +3 double sword {longrare=g}.
 29427 | Swamp:2  | Q - a +3 double sword {longrare=g}
 29436 | Swamp:2  | You drop a +3 double sword {longrare=g}.
 29437 | Swamp:2  | Q - a +3 double sword {longrare=g}
 29444 | Swamp:2  | Found a glowing golden altar of the Shining One.
 29751 | Swamp:2  | You fall into a shaft and drop 1 floor!
 30011 | Swamp:2  | You pick up a book of the Senses {forbidden} and begin
                  | reading...
 30011 | Swamp:2  | You add the spells Dazzling Flash, Agony and Silence to
                  | your library.
 30016 | Swamp:2  | You drop a +3 double sword {longrare=g}.
 30018 | Swamp:2  | Q - a +3 double sword {longrare=g}
 30042 | Swamp:2  | Gained mutation: Your magical capacity is low. (-10% MP)
                  | [potion of mutation]
 30042 | Swamp:2  | Gained mutation: You have a beak for a mouth. [potion of
                  | mutation]
 30042 | Swamp:2  | Gained mutation: You are agile. (Dex +4, Str/Int -1)
                  | [potion of mutation]
 30042 | Swamp:2  | Gained mutation: You are vulnerable to cold. (rC-) [potion
                  | of mutation]
 30042 | Swamp:2  | Lost mutation: Your magical capacity is low. (-10% MP)
                  | [potion of mutation]
 30042 | Swamp:2  | Gained mutation: You are somewhat resistant to further
                  | mutation. [potion of mutation]
 30043 | Swamp:2  | Lost mutation: You are vulnerable to cold. (rC-) [potion of
                  | mutation]
 30043 | Swamp:2  | Lost mutation: You have a beak for a mouth. [potion of
                  | mutation]
 30043 | Swamp:2  | Lost mutation: You are agile. (Dex +4, Str/Int -1) [potion
                  | of mutation]
 30043 | Swamp:2  | Lost mutation: You are somewhat resistant to further
                  | mutation. [potion of mutation]
 30043 | Swamp:2  | Gained mutation: Your flesh is cold resistant. (rC+)
                  | [potion of mutation]
 30043 | Swamp:2  | Gained mutation: You do not regenerate when monsters are
                  | visible. [potion of mutation]
 30043 | Swamp:2  | Gained mutation: You are covered in fur. (AC +1) [potion of
                  | mutation]
 30045 | Swamp:2  | Lost mutation: You are covered in fur. (AC +1) [potion of
                  | mutation]
 30045 | Swamp:2  | Lost mutation: You do not regenerate when monsters are
                  | visible. [potion of mutation]
 30045 | Swamp:2  | Lost mutation: Your flesh is cold resistant. (rC+) [potion
                  | of mutation]
 30045 | Swamp:2  | Gained mutation: Your tail ends in a venomous barb. [potion
                  | of mutation]
 30045 | Swamp:2  | Gained mutation: Your tail ends in a sharp venomous barb.
                  | [potion of mutation]
 30045 | Swamp:2  | Gained mutation: Your tail ends in a wickedly sharp and
                  | venomous barb. [potion of mutation]
 30662 | Swamp:3  | Identified the +2 pair of boots "Mykhlo" {rF+ Str-2 Stlth+}
 30962 | Swamp:4  | Entered Level 4 of the Swamp
 31016 | Swamp:4  | Reached XP level 18. HP: 180/180 MP: 15/18
 31039 | Swamp:4  | Reached skill level 23 in Armour
 31045 | Swamp:4  | Reached skill level 1 in Evocations
 31051 | Swamp:4  | Reached skill level 2 in Evocations
 31083 | Swamp:4  | Reached skill level 3 in Evocations
 31096 | Swamp:4  | Reached skill level 4 in Evocations
 31122 | Swamp:4  | Received a gift from Trog
 31123 | Swamp:4  | Reached skill level 5 in Evocations
 31297 | Swamp:4  | Reached skill level 6 in Evocations
 31342 | Swamp:4  | You drop a +3 double sword {longrare=g}.
 31406 | Swamp:4  | Q - a +3 double sword {longrare=g}
 31425 | Swamp:4  | You drop a +3 double sword {longrare=g}.
 31447 | Swamp:4  | Got a decaying rune of Zot
 31603 | Swamp:4  | Q - a +3 double sword {longrare=g}
 31632 | Swamp:4  | Reached skill level 7 in Evocations
 31880 | Swamp:4  | You drop a +3 double sword {longrare=g}.
 31881 | Swamp:4  | You drop the +8 eveningstar of False Accusations {protect,
                  | rPois rF+ rC- Dex+2, macerare=g}.
 32039 | Vaults:1 | Entered Level 1 of the Vaults
 32079 | Vaults:1 | Found Lixes's Distillery.
 32087 | Vaults:1 | Bought 2 potions of heal wounds for 140 gold pieces
 32087 | Vaults:1 | Bought a potion of resistance for 140 gold pieces
 32125 | Vaults:1 | Reached skill level 8 in Evocations
 32440 | Vaults:1 | Reached skill level 9 in Evocations
 32718 | Vaults:1 | Found a portal to a secret trove of treasure.
 32819 | Vaults:1 | This trove requires the presence of the abyssal rune of Zot
                  | to function. Show it the item?
 32991 | Vaults:1 | Reached skill level 10 in Evocations
 33532 | Vaults:1 | Reached skill level 11 in Evocations
 33638 | Vaults:1 | Received a gift from Trog
 34112 | Vaults:2 | Reached skill level 12 in Evocations
 34210 | Vaults:2 | Found Emic's Book Shop.
 34272 | Vaults:2 | You add the spells Tukima's Dance, Passage of Golubria and
                  | Yara's Violent Unravelling to your library.
 34290 | Vaults:2 | Reached XP level 19. HP: 189/189 MP: 16/19
 34396 | Vaults:2 | Reached skill level 2 in Dodging
 34683 | Vaults:2 | Reached skill level 3 in Dodging
 34717 | Vaults:2 | Reached skill level 4 in Dodging
 35298 | Vaults:3 | Reached skill level 5 in Dodging
 35706 | Vaults:3 | Found Lyruboqo's Antique Armour Shop.
 35735 | Vaults:3 | Reached skill level 6 in Dodging
 35808 | Vaults:3 | Identified the +1 leather armour of Veun {Dex+2}
 35816 | Vaults:3 | Found Reyhiem's Weapon Emporium.
 35829 | Vaults:3 | Received a gift from Trog
 35876 | Vaults:3 | Reached skill level 7 in Dodging
 36379 | Vaults:3 | You pick up a book of the Earth {forbidden} and begin
                  | reading...
 36379 | Vaults:3 | You add the spells Leda's Liquefaction and Lee's Rapid
                  | Deconstruction to your library.
 36468 | Vaults:3 | Found a runed translucent gate.
 36468 | Vaults:3 | Found a runed translucent gate.
 36468 | Vaults:3 | Found a runed translucent gate.
 36469 | Vaults:3 | Noticed Dyrphilu's ghost (adept GnMo)
 36472 | Vaults:3 | Noticed Boris
 36485 | Vaults:3 | Killed Boris
 36535 | Vaults:3 | Found Qeckocao's General Store.
 36558 | Vaults:3 | Reached skill level 8 in Dodging
 36569 | Vaults:3 | Bought a potion of mutation for 112 gold pieces
 36580 | Vaults:3 | Found Eholl's Book Boutique.
 36711 | Vaults:3 | Found a staircase to the Crypt.
 37165 | Vaults:3 | Identified the +7 dire flail "Saecien" {vorpal, Int+3}
 37359 | Vaults:3 | Reached skill level 9 in Dodging
 37421 | Vaults:3 | Killed Dyrphilu's ghost
 37432 | Vaults:3 | Identified the -2 hat of the Ward {+Blink rCorr Int-2}
 38138 | Vaults:4 | Reached skill level 10 in Dodging
 38138 | Vaults:4 | Reached XP level 20. HP: 180/196 MP: 10/20
 38672 | Vaults:4 | Received a gift from Trog
 38681 | Vaults:4 | B - a +2 quick blade of flaming {shortrare=g}
 38682 | Vaults:4 | You drop a +2 quick blade of flaming {shortrare=g}.
 38843 | Vaults:4 | B - a +2 quick blade of flaming {shortrare=g}
 38877 | Vaults:4 | Found Zoang's Book Emporium.
 38985 | Vaults:4 | Found a runed translucent gate.
 38985 | Vaults:4 | Found a runed translucent gate.
 38985 | Vaults:4 | Found a runed translucent gate.
 39105 | Vaults:4 | Identified the +6 chain mail "Fostruxe" {Harm Str+4}
 39123 | Vaults:4 | Noticed a golden dragon
 39149 | Vaults:4 | Reached skill level 18 in Fighting
 39157 | Vaults:4 | Killed a golden dragon
 39157 | Vaults:4 | Identified +0 gold dragon scales
 39332 | Vaults:4 | V - +0 gold dragon scales {rare}
 39343 | Vaults:4 | You drop +0 gold dragon scales {rare}.
 39380 | Vaults:4 | Identified the amulet "Xesagam" {Reflect rC+ SH+5}
 39395 | Vaults:4 | Identified the ring of the Evil One {rF++ Str+6}
 39533 | Vaults:4 | You drop a +2 quick blade of flaming {shortrare=g}.
 39551 | Vaults:4 | i - a +2 quick blade of flaming {shortrare=g}
 39593 | Vaults:4 | You add the spells Animate Dead and Necromutation to your
                  | library.
 39593 | Vaults:4 | Got the Catalogue of Blazing Evil Secrets {forbidden}
 39596 | Vaults:4 | You pick up a book of Party Tricks {forbidden} and begin
                  | reading...
 39596 | Vaults:4 | You add the spells Apportation and Alistair's Intoxication
                  | to your library.
 39697 | Vaults:4 | You add the spells Vhi's Electric Charge and Arcjolt to
                  | your library.
 39758 | Vaults:4 | Noticed Tribosh's ghost (veteran TeHu)
 39847 | Vaults:4 | Identified the +0 hat "Vepunueru" {rC- Will+++ Str+5}
 39859 | Vaults:4 | Killed Tribosh's ghost
 40015 | Vaults:5 | Entered Level 5 of the Vaults
 40054 | Vaults:5 | Reached skill level 19 in Fighting
 40108 | Vaults:5 | Noticed a golden dragon
 40121 | Vaults:5 | Killed a golden dragon
 40123 | Vaults:5 | Received a gift from Trog
 40131 | Vaults:5 | Reached skill level 20 in Fighting
 40142 | Vaults:5 | Found the +8 longbow "Zephyr" {speed, Dex+3 SInv}
 40148 | Vaults:5 | HP: 50/206 [stone giant (18)]
 40153 | Vaults:5 | HP: 44/206 [stone giant (4)]
 40163 | Vaults:5 | HP: 36/206 [titan/the air (28)]
 40176 | Vaults:5 | Reached XP level 21. HP: 63/215 MP: 0/21
 40504 | Vaults:5 | You pick up a book of the Spheres {forbidden} and begin
                  | reading...
 40504 | Vaults:5 | You add the spells Fireball and Conjure Ball Lightning to
                  | your library.
 40594 | Vaults:5 | You pick up a book of Minor Magic {forbidden} and begin
                  | reading...
 40594 | Vaults:5 | You add the spells Magic Dart, Call Imp and Mephitic Cloud
                  | to your library.
 40621 | Vaults:5 | Identified the +6 flail of Blood {flame, rC+ Dex+3 Stlth+}
 40678 | Vaults:5 | Noticed a dread lich
 40689 | Vaults:5 | Killed a dread lich
 40690 | Vaults:5 | Reached skill level 17 in Long Blades
 40724 | Vaults:5 | Reached skill level 16 in Shields
 40902 | Vaults:5 | Noticed Bai Suzhen
 40916 | Vaults:5 | Killed Bai Suzhen
 40930 | Vaults:5 | an iron giant changed into a golden dragon
 40930 | Vaults:5 | Noticed a golden dragon (glowing shapeshifter)
 40935 | Vaults:5 | a golden dragon changed into an iron dragon
 40942 | Vaults:5 | Received a gift from Trog
 41208 | Vaults:5 | Gained mutation: You occasionally shout uncontrollably at
                  | your foes. [a shining eye]
 41334 | Vaults:5 | Identified the +8 spear "Sicea" {freeze, rElec Dex-3 SInv}
 41346 | Vaults:5 | Reached skill level 17 in Shields
 41374 | Vaults:5 | Reached skill level 18 in Long Blades
 41418 | Vaults:5 | Noticed a golden dragon
 41433 | Vaults:5 | Killed a golden dragon
 41454 | Vaults:5 | Reached skill level 18 in Shields
 41770 | Vaults:5 | Received a gift from Trog
 41853 | Vaults:5 | Noticed a golden dragon
 41865 | Vaults:5 | Killed a golden dragon
 41865 | Vaults:5 | Identified +0 gold dragon scales
 41866 | Vaults:5 | Reached skill level 19 in Long Blades
 41928 | Vaults:5 | Identified the +5 arbalest "Mosauq" {vorpal, MP+9}
 41955 | Vaults:5 | Found Maneifap's Magic Scroll Boutique.
 41966 | Vaults:5 | You pick up a book of Storms {forbidden} and begin
                  | reading...
 41973 | Vaults:5 | You pick up a book of Callings {forbidden} and begin
                  | reading...
 41973 | Vaults:5 | You add the spells Summon Small Mammal and Call Canine
                  | Familiar to your library.
 42024 | Vaults:5 | You pick up a book of Blasting {forbidden} and begin
                  | reading...
 42024 | Vaults:5 | You add the spells Kindle Blastsparks, Fulminant Prism and
                  | Iskenderun's Mystic Blast to your library.
 42026 | Vaults:5 | You pick up a book of Geomancy {forbidden} and begin
                  | reading...
 42026 | Vaults:5 | You add the spells Sandblast and Stone Arrow to your
                  | library.
 42031 | Vaults:5 | You pick up a book of Misfortune {forbidden} and begin
                  | reading...
 42042 | Vaults:5 | You add the spells Ice Form and Starburst to your library.
 42042 | Vaults:5 | Got the Monograph on Energetic Metamorphosis {forbidden}
 42068 | Vaults:5 | Identified the +7 battleaxe "Killer Klown's Regret"
                  | {antimagic, rC+ Dex+4}
 42144 | Vaults:5 | You pick up a book of Necromancy {forbidden} and begin
                  | reading...
 42146 | Vaults:5 | Got a silver rune of Zot
 42461 | Lair:5   | Fell from the grace of Trog
 42461 | Lair:5   | Became a worshipper of Jiyva Jaisch the Shapeless
 42994 | Depths:1 | Entered Level 1 of the Depths
 43013 | Depths:1 | Reached skill level 19 in Shields
 43082 | Depths:1 | HP: 49/207 [stone giant[the rage of Trog] (38)]
 43488 | Depths:1 | Found a glowing silver altar of Zin.
 43489 | Depths:1 | Found a runed translucent door.
 43611 | D:15     | magus.rc [v1.9.6]
 43815 | Temple   | Entered the Ecumenical Temple
 44178 | Crypt:1  | Entered Level 1 of the Crypt
 44467 | Crypt:1  | Reached * piety under Jiyva
 44911 | Crypt:1  | Reached XP level 22. HP: 202/225 MP: 16/22
 45334 | Swamp:4  | S - the +8 eveningstar of False Accusations {protect, rPois
                  | rF+ rC- Dex+2, macerare=g}
 45334 | Swamp:4  | a +3 double sword {longrare=g}; the +8 arc blade
                  | {discharge, rElec}
 45335 | Swamp:4  | You drop a +2 quick blade of flaming {shortrare=g}.
 45336 | Swamp:4  | You drop the +8 eveningstar of False Accusations {protect,
                  | rPois rF+ rC- Dex+2, macerare=g}.
 45337 | Swamp:4  | i - a +3 double sword {longrare=g}
 45338 | Swamp:4  | your +3 double sword {longrare=g} glows red for a moment.
 45339 | Swamp:4  | your +4 double sword {longrare=g} glows red for a moment.
 45340 | Swamp:4  | your +5 double sword {longrare=g} glows red for a moment.
 45341 | Swamp:4  | your +6 double sword {longrare=g} glows red for a moment.
 45342 | Swamp:4  | your +7 double sword {longrare=g} glows red for a moment.
 45343 | Swamp:4  | your +8 double sword {longrare=g} glows red for a moment.
 45344 | Swamp:4  | i - a +9 double sword {longrare=g}
 45344 | Swamp:4  | b - a +9 double sword {longrare=g}
 45751 | Crypt:2  | Noticed a curse skull
 45864 | Crypt:2  | Reached ** piety under Jiyva
 45876 | Crypt:2  | Reached skill level 20 in Long Blades
 45886 | Crypt:2  | Noticed a curse skull
 45887 | Crypt:2  | Reached skill level 20 in Shields
 45899 | Crypt:2  | Killed a curse skull
 45952 | Crypt:2  | Killed a curse skull
 46061 | Crypt:2  | You pick up a book of Burglary and begin reading...
 46094 | Crypt:2  | b - a +9 double sword (weapon) {longrare=g}
 46185 | Crypt:2  | b - a +9 double sword (weapon) {longrare=g}
 46325 | Crypt:2  | b - a +9 double sword (weapon) {longrare=g}
 46398 | Crypt:2  | Identified the +4 falchion of Qaoffasu {spect, Will+ rCorr
                  | Int+3}
 46677 | Crypt:3  | Entered Level 3 of the Crypt
 46684 | Crypt:3  | magus.rc [v1.9.6]
 47064 | Depths:1 | Reached skill level 21 in Fighting
 47066 | Depths:1 | Noticed Boris
 47080 | Depths:1 | Killed Boris
 47333 | Depths:1 | Reached *** piety under Jiyva
 47381 | Depths:1 | Lost mutation: You occasionally shout uncontrollably at
                  | your foes. [potion of mutation]
 47381 | Depths:1 | Lost mutation: Your tail ends in a wickedly sharp and
                  | venomous barb. [potion of mutation]
 47381 | Depths:1 | Lost mutation: Your tail ends in a sharp venomous barb.
                  | [potion of mutation]
 47381 | Depths:1 | Lost mutation: Your tail ends in a venomous barb. [potion
                  | of mutation]
 47381 | Depths:1 | Gained mutation: You are vulnerable to cold. (rC-) [potion
                  | of mutation]
 47381 | Depths:1 | Gained mutation: You are dopey. (Int -2) [potion of
                  | mutation]
 47381 | Depths:1 | Gained mutation: You have hidden genetic defects. [potion
                  | of mutation]
 47381 | Depths:1 | Gained mutation: You are frail. (-10% HP) [potion of
                  | mutation]
 47381 | Depths:1 | Gained mutation: Your muscles are strong. (Str +4, Int/Dex
                  | -1) [potion of mutation]
 47382 | Depths:1 | Lost mutation: You are frail. (-10% HP) [potion of
                  | mutation]
 47382 | Depths:1 | Lost mutation: You are vulnerable to cold. (rC-) [potion of
                  | mutation]
 47382 | Depths:1 | Lost mutation: You are dopey. (Int -2) [potion of mutation]
 47382 | Depths:1 | Lost mutation: You have hidden genetic defects. [potion of
                  | mutation]
 47382 | Depths:1 | Lost mutation: Your muscles are strong. (Str +4, Int/Dex
                  | -1) [potion of mutation]
 47382 | Depths:1 | Gained mutation: You have sharp toenails. [potion of
                  | mutation]
 47382 | Depths:1 | Gained mutation: Your body sometimes deteriorates upon
                  | taking damage. [potion of mutation]
 47382 | Depths:1 | Gained mutation: You possess an exceptional clarity of
                  | mind. [potion of mutation]
 47383 | Depths:1 | Lost mutation: You have sharp toenails. [potion of
                  | mutation]
 47383 | Depths:1 | Lost mutation: Your body sometimes deteriorates upon taking
                  | damage. [potion of mutation]
 47383 | Depths:1 | Lost mutation: You possess an exceptional clarity of mind.
                  | [potion of mutation]
 47383 | Depths:1 | Gained mutation: You are dopey. (Int -2) [potion of
                  | mutation]
 47383 | Depths:1 | Gained mutation: Your tail ends in a venomous barb. [potion
                  | of mutation]
 47383 | Depths:1 | Lost mutation: You are dopey. (Int -2) [potion of mutation]
 47594 | Depths:1 | Gained mutation: Your rubbery body absorbs attacks. (AC +1,
                  | EV +1) [Jiyva's grace]
 47594 | Depths:1 | Gained mutation: Your pliable body absorbs attacks. (AC +2,
                  | EV +2) [Jiyva's grace]
 47594 | Depths:1 | Gained mutation: Your gelatinous body deflects attacks. (AC
                  | +3, EV +3) [Jiyva's grace]
 47594 | Depths:1 | Gained mutation: You are strong-willed. (Will+) [Jiyva's
                  | grace]
 47701 | Depths:1 | Found a white marble altar of Elyvilon.
 48017 | Depths:2 | your +6 crystal plate armour {rare=g} glows green for a
                  | moment.
 48096 | Depths:2 | Found a one-way gateway to a ziggurat.
 48116 | Depths:2 | Reached **** piety under Jiyva
 48140 | Depths:2 | b - a +9 double sword (weapon) {longrare=g}
 48620 | Depths:2 | Noticed a juggernaut
 48634 | Depths:2 | Killed a juggernaut
 48634 | Depths:2 | Identified the ring "Cyemediq" {Wiz Will+}
 48807 | Depths:2 | Reached skill level 22 in Fighting
 49026 | Depths:2 | Found a one-way gate leading to the halls of Pandemonium.
 49284 | Depths:3 | Found a radiant altar of Vehumet.
 49471 | Depths:3 | b - a +9 double sword (weapon) {longrare=g}
 49539 | Depths:3 | quicksilver dragon scales {rare}; a quicksilver dragon
                  | corpse
 49585 | Depths:3 | Noticed a golden dragon
 49601 | Depths:3 | Killed a golden dragon
 49629 | Depths:3 | a +0 animal skin; quicksilver dragon scales {rare}; a
                  | quicksilver dragon corpse
 49630 | Depths:3 | S - quicksilver dragon scales {rare}
 49672 | Depths:3 | Reached ***** piety under Jiyva
 49673 | Depths:3 | You drop quicksilver dragon scales {rare}.
 49746 | Depths:3 | Reached XP level 23. HP: 235/238 MP: 20/23
 49788 | Depths:3 | Noticed Boris
 49798 | Depths:3 | Killed Boris
 49929 | Depths:3 | Found a one-way gate to the infinite horrors of the Abyss.
 49984 | Depths:3 | Lost mutation: Your tail ends in a venomous barb. [Jiyva's
                  | grace]
 49984 | Depths:3 | Gained mutation: Your system is resistant to poisons.
                  | (rPois) [Jiyva's grace]
 49984 | Depths:3 | Gained mutation: A frigid envelope surrounds you and
                  | freezes all who hurt you. [Jiyva's grace]
 49984 | Depths:3 | Gained mutation: Your tail ends in a venomous barb.
                  | [Jiyva's grace]
 49984 | Depths:3 | Gained mutation: Your tail ends in a sharp venomous barb.
                  | [Jiyva's grace]
 50117 | Depths:3 | Identified the +1 cloak of Hospitality {Harm Fly rPois
                  | Str-4}
 50421 | Depths:3 | Identified the +4 demon blade "Dexiampu" {freeze, rCorr
                  | Int+4}
 50623 | Depths:4 | Entered Level 4 of the Depths
 50650 | Depths:4 | Paralysed by Trog for 2 turns
 50960 | Depths:4 | b - a +9 double sword (weapon) {longrare=g}
 51149 | Depths:4 | b - a +9 double sword (weapon) {longrare=g}
 51162 | Depths:4 | b - a +9 double sword (weapon) {longrare=g}
 51226 | Depths:4 | Reached skill level 21 in Shields
 51265 | Depths:4 | Reached skill level 24 in Armour
 51344 | Depths:4 | Found a gate to the Realm of Zot.
 51644 | Depths:4 | b - a +9 double sword (weapon) {longrare=g}
 51648 | Depths:4 | Reached skill level 21 in Long Blades
 51841 | Depths:4 | b - a +9 double sword (weapon) {longrare=g}
 51908 | Depths:4 | b - a +9 double sword (weapon) {longrare=g}
 51930 | Depths:4 | b - a +9 double sword (weapon) {longrare=g}
 52110 | Depths:4 | b - a +9 double sword (weapon) {longrare=g}
 52245 | Depths:4 | b - a +9 double sword (weapon) {longrare=g}
 52352 | Depths:4 | Reached ****** piety under Jiyva
 52660 | Slime:1  | Entered Level 1 of the Pits of Slime
 52691 | Slime:5  | Entered Level 5 of the Pits of Slime
 52705 | Slime:5  | Found a viscous altar of Jiyva.
 52706 | Slime:5  | Found the +8 Vampire's Tooth {vamp}
 52707 | Slime:5  | Noticed the Royal Jelly
 52711 | Slime:5  | Got Visoeh's Monograph on Hyperbolic Accomplices
 52713 | Slime:5  | You add the spells Anguish and Metabolic Englaciation to
                  | your library.
 52713 | Slime:5  | Got Rotaplya's Compendium of Guile and the Chill
 52715 | Slime:5  | Got a slimy rune of Zot
 52725 | Slime:5  | You add the spells Portal Projectile and Death Channel to
                  | your library.
 52725 | Slime:5  | Got the Codex of Doomed Hexes
 52732 | Slime:5  | Identified the ring "Wovvyang" {rElec rC+ Dex+6}
 52738 | Slime:5  | Identified the amulet "Alargh" {Spirit Harm rF- Will+++
                  | Int+3}
 53122 | Zot:1    | Entered Level 1 of the Realm of Zot
 53195 | Zot:1    | Identified +0 gold dragon scales
 53257 | Zot:1    | Found a transporter.
 53275 | Zot:1    | Noticed a curse toe
 53278 | Zot:1    | b - a +9 double sword (weapon) {longrare=g}
 53287 | Zot:1    | Killed a curse toe
 53341 | Zot:1    | Lost mutation: Your gelatinous body deflects attacks. (AC
                  | +3, EV +3) [Jiyva's grace]
 53341 | Zot:1    | Gained mutation: You have sharp fingernails. [Jiyva's
                  | grace]
 53341 | Zot:1    | Gained mutation: You have very sharp fingernails. [Jiyva's
                  | grace]
 53341 | Zot:1    | Gained mutation: You have claws for hands. [Jiyva's grace]
 53341 | Zot:1    | Gained mutation: Your tail ends in a wickedly sharp and
                  | venomous barb. [Jiyva's grace]
 53414 | Zot:1    | b - a +9 double sword (weapon) {longrare=g}
 53514 | Zot:1    | Found a transporter.
 53570 | Zot:1    | Reached XP level 24. HP: 232/250 MP: 23/23
 53711 | Zot:1    | b - a +9 double sword (weapon) {longrare=g}
 53723 | Zot:1    | Reached skill level 23 in Fighting
 54109 | Zot:1    | Noticed a curse toe
 54118 | Zot:1    | b - a +9 double sword (weapon) {longrare=g}
 54136 | Zot:1    | Killed a curse toe
 54186 | Zot:1    | You pick up a book of Spatial Translocations and begin
                  | reading...
 54190 | Zot:1    | Identified the amulet "Qiqu" {Faith -Tele Str+8}
 54198 | Zot:1    | Identified the amulet of Ynnom {Reflect rPois rC+ SH+5}
 54222 | Zot:1    | magus.rc [v1.9.6]
 54563 | Elf:1    | b - a +9 double sword (weapon) {longrare=g}
 54571 | Elf:1    | b - a +9 double sword (weapon) {longrare=g}
 54611 | Elf:1    | b - a +9 double sword (weapon) {longrare=g}
 54770 | Elf:1    | b - a +9 double sword (weapon) {longrare=g}
 55498 | Elf:2    | Reached skill level 22 in Shields
 55556 | Elf:2    | Found Zarghog's General Store.
 55583 | Elf:2    | Reached skill level 25 in Armour
 55631 | Elf:2    | B - a +5 vampiric eveningstar {macerare=g}
 55632 | Elf:2    | You drop a +5 vampiric eveningstar {macerare=g}.
 55633 | Elf:2    | B - a +5 vampiric eveningstar {macerare=g}
 55707 | Elf:2    | Found a huge runed translucent gate.
 55708 | Elf:2    | Found a huge runed translucent gate.
 55710 | Elf:2    | Found a huge runed translucent gate.
 55711 | Elf:2    | Found a huge runed translucent gate.
 55712 | Elf:2    | Found a huge runed translucent gate.
 55737 | Elf:2    | Gained mutation: You have a pair of small horns on your
                  | head. [Jiyva's grace]
 55737 | Elf:2    | Gained mutation: You have a pair of horns on your head.
                  | [Jiyva's grace]
 55737 | Elf:2    | Gained mutation: You have a pair of large horns on your
                  | head. [Jiyva's grace]
 55737 | Elf:2    | Gained mutation: Armour fits poorly on your pseudopods.
                  | [Jiyva's grace]
 55752 | Elf:2    | Lost mutation: Your tail ends in a wickedly sharp and
                  | venomous barb. [potion of mutation]
 55752 | Elf:2    | Lost mutation: Armour fits poorly on your pseudopods.
                  | [potion of mutation]
 55752 | Elf:2    | Lost mutation: Your pliable body absorbs attacks. (AC +2,
                  | EV +2) [potion of mutation]
 55752 | Elf:2    | Lost mutation: Your system is resistant to poisons. (rPois)
                  | [potion of mutation]
 55752 | Elf:2    | Lost mutation: Your rubbery body absorbs attacks. (AC +1,
                  | EV +1) [potion of mutation]
 55752 | Elf:2    | Lost mutation: Your tail ends in a sharp venomous barb.
                  | [potion of mutation]
 55752 | Elf:2    | Gained mutation: You are agile. (Dex +4, Str/Int -1)
                  | [potion of mutation]
 55752 | Elf:2    | Lost mutation: You have claws for hands. [potion of
                  | mutation]
 55752 | Elf:2    | Gained mutation: You possess an exceptional clarity of
                  | mind. [potion of mutation]
 55752 | Elf:2    | Gained mutation: You are resistant to electric shocks.
                  | (rElec) [potion of mutation]
 55758 | Elf:2    | Lost mutation: You have a pair of large horns on your head.
                  | [potion of mutation]
 55758 | Elf:2    | Lost mutation: You have a pair of horns on your head.
                  | [potion of mutation]
 55758 | Elf:2    | Lost mutation: You are resistant to electric shocks.
                  | (rElec) [potion of mutation]
 55758 | Elf:2    | Lost mutation: You have a pair of small horns on your head.
                  | [potion of mutation]
 55758 | Elf:2    | Lost mutation: You are agile. (Dex +4, Str/Int -1) [potion
                  | of mutation]
 55758 | Elf:2    | Gained mutation: You have very sharp teeth. [potion of
                  | mutation]
 55817 | Elf:2    | b - a +9 double sword (weapon) {longrare=g}
 55823 | Elf:2    | your +7 crystal plate armour {rare=g} glows green for a
                  | moment.
 55838 | Elf:2    | Found Bequdwu's Magic Scroll Boutique.
 55852 | Elf:2    | your +9 double sword {longrare=g} acquires a faint
                  | afterimage.
 55852 | Elf:2    | b - a +9 spectral double sword (weapon) {longrare=g}
 55858 | Elf:2    | Bought a scroll of acquirement for 728 gold pieces
 55858 | Elf:2    | Acquired a manual of Dodging
 55883 | Elf:2    | your +9 spectral double sword {longrare=g} hits the deep
                  | elf pyromancer!!
 55888 | Elf:2    | your +9 spectral double sword {longrare=g} hits the deep
                  | elf zephyrmancer!!
 55928 | Elf:2    | your +9 spectral double sword {longrare=g} barely misses
                  | something.
 55929 | Elf:2    | your +9 spectral double sword {longrare=g} hits something!!
 55930 | Elf:2    | your +9 spectral double sword {longrare=g} hits something!!
 55966 | Elf:2    | Paralysed by an air elemental for 1 turns
 56096 | Elf:2    | Identified the +5 battleaxe "Neg Hics" {chaos, rElec MP+9
                  | Int-2 SInv}
 56218 | Elf:2    | You drop a +5 vampiric eveningstar {macerare=g}.
 56223 | Elf:2    | B - a +5 vampiric eveningstar {macerare=g}
 56255 | Elf:2    | Reached skill level 11 in Dodging
 56299 | Elf:2    | I - a +0 triple sword of pain {longrare=g}
 56490 | Elf:2    | You drop a +5 vampiric eveningstar {macerare=g}.
 56491 | Elf:2    | You drop a +0 triple sword of pain {longrare=g}.
 56496 | Elf:2    | Was forgiven by Trog
 56528 | Elf:3    | Entered Level 3 of the Elven Halls
 56688 | Elf:3    | Reached skill level 12 in Dodging
 56798 | Elf:3    | Found Yminnoosu's Jewellery Boutique.
 56909 | Elf:3    | Paralysed by an air elemental for 1 turns
 57076 | Elf:3    | You feel a bond with your +9 spectral double sword
                  | {longrare=g}.
 57076 | Elf:3    | b - a +9 spectral double sword (weapon) {longrare=g}
 57077 | Elf:3    | your +9 spectral double sword {longrare=g} barely misses
                  | the +2 morningstar of protection.
 57078 | Elf:3    | your +9 spectral double sword {longrare=g} hits the +2
                  | morningstar of protection!
 57078 | Elf:3    | the +2 morningstar of protection hits your +9 spectral
                  | double sword {longrare=g}!
 57134 | Elf:3    | You feel a bond with your +9 spectral double sword
                  | {longrare=g}.
 57134 | Elf:3    | b - a +9 spectral double sword (weapon) {longrare=g}
 57136 | Elf:3    | Reached skill level 13 in Dodging
 57136 | Elf:3    | your +9 spectral double sword {longrare=g} closely misses
                  | the deep elf sorcerer.
 57136 | Elf:3    | the deep elf elementalist hits your +9 spectral double
                  | sword {longrare=g} with a +0 short sword.
 57137 | Elf:3    | your +9 spectral double sword {longrare=g} misses the deep
                  | elf sorcerer.
 57139 | Elf:3    | your +9 spectral double sword {longrare=g} completely
                  | misses the deep elf elementalist.
 57140 | Elf:3    | your +9 spectral double sword {longrare=g} hits the deep
                  | elf elementalist!
 57140 | Elf:3    | your +9 spectral double sword {longrare=g} is engulfed in
                  | freezing vapours.
 57140 | Elf:3    | the deep elf elementalist casts a spell next to your +9
                  | spectral double sword {longrare=g}.
 57140 | Elf:3    | your +9 spectral double sword {longrare=g} is engulfed in
                  | freezing vapours.
 57143 | Elf:3    | your +9 spectral double sword {longrare=g} hits the deep
                  | elf annihilator!
 57144 | Elf:3    | your +9 spectral double sword {longrare=g} hits the deep
                  | elf annihilator!
 57144 | Elf:3    | your +9 spectral double sword {longrare=g} is engulfed in
                  | freezing vapours.
 57144 | Elf:3    | the deep elf annihilator hits your +9 spectral double sword
                  | {longrare=g} with a +0 long sword!
 57144 | Elf:3    | your +9 spectral double sword {longrare=g} is engulfed in
                  | freezing vapours.
 57145 | Elf:3    | your +9 spectral double sword {longrare=g} completely
                  | misses the deep elf annihilator.
 57145 | Elf:3    | your +9 spectral double sword {longrare=g} is engulfed in
                  | freezing vapours.
 57145 | Elf:3    | your +9 spectral double sword {longrare=g} is engulfed in
                  | freezing vapours.
 57145 | Elf:3    | the deep elf annihilator barely misses your +9 spectral
                  | double sword {longrare=g}.
 57146 | Elf:3    | your +9 spectral double sword {longrare=g} misses the deep
                  | elf annihilator.
 57146 | Elf:3    | your +9 spectral double sword {longrare=g} is engulfed in
                  | freezing vapours.
 57146 | Elf:3    | your +9 spectral double sword {longrare=g} is engulfed in
                  | freezing vapours.
 57147 | Elf:3    | The deep elf sorcerer is wielding the +5 sword of Power
                  | {vorpal}.
 57151 | Elf:3    | your +9 spectral double sword {longrare=g} hits the deep
                  | elf elementalist!!!
 57152 | Elf:3    | your +9 spectral double sword {longrare=g} hits the deep
                  | elf elementalist!!
 57153 | Elf:3    | your +9 spectral double sword {longrare=g} hits the ghostly
                  | deep elf elementalist!
 57156 | Elf:3    | your +9 spectral double sword {longrare=g} misses the deep
                  | elf sorcerer.
 57159 | Elf:3    | your +9 spectral double sword {longrare=g} hits the deep
                  | elf master archer!!
 57230 | Elf:3    | Identified the amulet "Paelalea" {Regen+ Str+9 Dex+5
                  | Stlth-}
 57242 | Elf:3    | Identified the +0 glaive of Jaocar {vorpal, *Slow Fragile
                  | rN+++ rCorr}
 57251 | Elf:3    | Identified the ring "Fyozor" {+Blink rPois Str+6 Dex-2}
 57254 | Elf:3    | Reached skill level 14 in Dodging
 57281 | Elf:3    | You add the spells Sting and Poisonous Vapours to your
                  | library.
 57303 | Elf:3    | Identified the ring "Laseuf" {*Slow rC+ MP+9 Str+6 Stlth+}
 57304 | Elf:3    | Identified the +2 scale mail "Qeomoem" {Will+ Dex+3}
 57309 | Elf:3    | You pick up a book of Decay and begin reading...
 57309 | Elf:3    | You add the spells Cigotuvi's Dreadful Rot and Dispel
                  | Undead to your library.
 57771 | Zot:1    | magus.rc [v1.9.6]
 57813 | Zot:2    | S - +0 storm dragon scales {rare}
 57824 | Zot:2    | You drop +0 storm dragon scales {rare}.
 57870 | Zot:2    | Lost mutation: Your tail ends in a venomous barb. [Jiyva's
                  | grace]
 57870 | Zot:2    | Gained mutation: You have a pair of small antennae on your
                  | head. [Jiyva's grace]
 57870 | Zot:2    | Gained mutation: You have a pair of antennae on your head.
                  | [Jiyva's grace]
 57870 | Zot:2    | Gained mutation: You have a pair of large antennae on your
                  | head. (SInv) [Jiyva's grace]
 57870 | Zot:2    | Gained mutation: You are covered in fur. (AC +1) [Jiyva's
                  | grace]
 57871 | Zot:2    | Lost mutation: You have very sharp teeth. [potion of
                  | mutation]
 57871 | Zot:2    | Lost mutation: You are strong-willed. (Will+) [potion of
                  | mutation]
 57871 | Zot:2    | Lost mutation: You possess an exceptional clarity of mind.
                  | [potion of mutation]
 57871 | Zot:2    | Lost mutation: You have very sharp fingernails. [potion of
                  | mutation]
 57871 | Zot:2    | Lost mutation: You have sharp fingernails. [potion of
                  | mutation]
 57871 | Zot:2    | Lost mutation: You are covered in fur. (AC +1) [potion of
                  | mutation]
 57871 | Zot:2    | Gained mutation: You are partially covered in iridescent
                  | scales. (AC +2) [potion of mutation]
 57871 | Zot:2    | Gained mutation: Your system is resistant to poisons.
                  | (rPois) [potion of mutation]
 57871 | Zot:2    | Gained mutation: You have hidden genetic potential. [potion
                  | of mutation]
 57883 | Zot:2    | Lost mutation: You have hidden genetic potential. [potion
                  | of mutation]
 57883 | Zot:2    | Lost mutation: A frigid envelope surrounds you and freezes
                  | all who hurt you. [potion of mutation]
 57883 | Zot:2    | Lost mutation: You have a pair of large antennae on your
                  | head. (SInv) [potion of mutation]
 57883 | Zot:2    | Lost mutation: Your system is resistant to poisons. (rPois)
                  | [potion of mutation]
 57883 | Zot:2    | Lost mutation: You are partially covered in iridescent
                  | scales. (AC +2) [potion of mutation]
 57883 | Zot:2    | Lost mutation: You have a pair of antennae on your head.
                  | [potion of mutation]
 57883 | Zot:2    | Gained mutation: You have sharp fingernails. [potion of
                  | mutation]
 57883 | Zot:2    | Gained mutation: You are strong-willed. (Will+) [potion of
                  | mutation]
 57883 | Zot:2    | Gained mutation: You expend magic power (3 MP) to
                  | strengthen your wands. [potion of mutation]
 57883 | Zot:2    | Gained mutation: You passively dampen the noise of your
                  | surroundings. [potion of mutation]
 57883 | Zot:2    | Gained mutation: You have an increased reservoir of magic.
                  | (+10% MP) [potion of mutation]
 58034 | Zot:2    | Reached XP level 25. HP: 235/260 MP: 22/25
 58248 | Zot:2    | quicksilver dragon scales {rare}; a quicksilver dragon
                  | corpse
 58544 | Zot:2    | You feel a bond with your +9 spectral double sword
                  | {longrare=g}.
 58544 | Zot:2    | b - a +9 spectral double sword (weapon) {longrare=g}
 58552 | Zot:2    | You feel a bond with your +9 spectral double sword
                  | {longrare=g}.
 58552 | Zot:2    | b - a +9 spectral double sword (weapon) {longrare=g}
 58553 | Zot:2    | your +9 spectral double sword {longrare=g} hits the yellow
                  | draconian annihilator!
 58554 | Zot:2    | your +9 spectral double sword {longrare=g} hits the yellow
                  | draconian annihilator!!
 58622 | Zot:2    | Noticed an electric golem
 58623 | Zot:2    | You feel a bond with your +9 spectral double sword
                  | {longrare=g}.
 58623 | Zot:2    | b - a +9 spectral double sword (weapon) {longrare=g}
 58624 | Zot:2    | your +9 spectral double sword {longrare=g} closely misses
                  | the storm dragon.
 58625 | Zot:2    | your +9 spectral double sword {longrare=g} hits the storm
                  | dragon but does no damage.
 58626 | Zot:2    | your +9 spectral double sword {longrare=g} hits the storm
                  | dragon.
 58627 | Zot:2    | your +9 spectral double sword {longrare=g} hits the storm
                  | dragon!!
 58628 | Zot:2    | your +9 spectral double sword {longrare=g} hits the storm
                  | dragon!
 58629 | Zot:2    | your +9 spectral double sword {longrare=g} barely misses
                  | the storm dragon.
 58630 | Zot:2    | your +9 spectral double sword {longrare=g} hits the storm
                  | dragon!
 58630 | Zot:2    | the storm dragon closely misses your +9 spectral double
                  | sword {longrare=g}.
 58630 | Zot:2    | the storm dragon barely misses your +9 spectral double
                  | sword {longrare=g}.
 58630 | Zot:2    | the storm dragon barely misses your +9 spectral double
                  | sword {longrare=g}.
 58648 | Zot:2    | your +9 spectral double sword {longrare=g} barely misses
                  | the green draconian.
 58649 | Zot:2    | your +9 spectral double sword {longrare=g} hits the green
                  | draconian!!
 58650 | Zot:2    | your +9 spectral double sword {longrare=g} hits the green
                  | draconian!
 58650 | Zot:2    | The blast of poison engulfs your +9 spectral double sword
                  | {longrare=g}.
 58650 | Zot:2    | your +9 spectral double sword {longrare=g} completely
                  | resists.
 58696 | Zot:2    | Reached skill level 26 in Armour
 58701 | Zot:2    | You feel a bond with your +9 spectral double sword
                  | {longrare=g}.
 58701 | Zot:2    | b - a +9 spectral double sword (weapon) {longrare=g}
 58703 | Zot:2    | your +9 spectral double sword {longrare=g} completely
                  | misses the electric golem.
 58704 | Zot:2    | your +9 spectral double sword {longrare=g} hits the
                  | electric golem!
 58704 | Zot:2    | the electric golem completely misses your +9 spectral
                  | double sword {longrare=g}.
 58704 | Zot:2    | the electric golem closely misses your +9 spectral double
                  | sword {longrare=g}.
 58704 | Zot:2    | the electric golem hits your +9 spectral double sword
                  | {longrare=g} but does no damage.
 58704 | Zot:2    | the electric golem barely misses your +9 spectral double
                  | sword {longrare=g}.
 58705 | Zot:2    | your +9 spectral double sword {longrare=g} hits the
                  | electric golem!!
 58705 | Zot:2    | Killed an electric golem
 58917 | Zot:3    | HP: 52/260 [green draconian monk (14)]
 58918 | Zot:3    | HP: 19/260 [poisoned by a green draconian monk]
 59199 | Zot:3    | You feel a bond with your +9 spectral double sword
                  | {longrare=g}.
 59199 | Zot:3    | b - a +9 spectral double sword (weapon) {longrare=g}
 59200 | Zot:3    | your +9 spectral double sword {longrare=g} completely
                  | misses the white draconian.
 59212 | Zot:3    | your +9 spectral double sword {longrare=g} hits the golden
                  | dragon.
 59213 | Zot:3    | your +9 spectral double sword {longrare=g} hits the golden
                  | dragon!
 59213 | Zot:3    | the golden dragon bites your +9 spectral double sword
                  | {longrare=g} but does no damage.
 59213 | Zot:3    | the golden dragon claws your +9 spectral double sword
                  | {longrare=g} but does no damage.
 59213 | Zot:3    | the golden dragon completely misses your +9 spectral double
                  | sword {longrare=g}.
 59214 | Zot:3    | your +9 spectral double sword {longrare=g} barely misses
                  | the golden dragon.
 59214 | Zot:3    | the shadow dragon bites your +9 spectral double sword
                  | {longrare=g}!
 59214 | Zot:3    | the shadow dragon completely misses your +9 spectral double
                  | sword {longrare=g}.
 59214 | Zot:3    | the shadow dragon claws your +9 spectral double sword
                  | {longrare=g}.
 59218 | Zot:3    | your +9 spectral double sword {longrare=g} hits the shadow
                  | dragon!!
 59219 | Zot:3    | your +9 spectral double sword {longrare=g} closely misses
                  | the shadow dragon.
 59220 | Zot:3    | your +9 spectral double sword {longrare=g} hits the shadow
                  | dragon!
 59221 | Zot:3    | your +9 spectral double sword {longrare=g} hits the shadow
                  | dragon!
 59221 | Zot:3    | the shadow dragon bites your +9 spectral double sword
                  | {longrare=g}.
 59221 | Zot:3    | the shadow dragon claws your +9 spectral double sword
                  | {longrare=g}!
 59221 | Zot:3    | the shadow dragon misses your +9 spectral double sword
                  | {longrare=g}.
 59224 | Zot:3    | +0 shadow dragon scales {rare}; a shadow dragon corpse
 59261 | Zot:3    | your +9 spectral double sword {longrare=g} completely
                  | misses the green draconian monk.
 59262 | Zot:3    | your +9 spectral double sword {longrare=g} hits the green
                  | draconian monk!!
 59263 | Zot:3    | your +9 spectral double sword {longrare=g} completely
                  | misses the green draconian monk.
 59264 | Zot:3    | your +9 spectral double sword {longrare=g} completely
                  | misses the green draconian monk.
 59265 | Zot:3    | your +9 spectral double sword {longrare=g} barely misses
                  | the green draconian monk.
 59266 | Zot:3    | your +9 spectral double sword {longrare=g} hits the green
                  | draconian monk!!
 59323 | Zot:3    | your +9 spectral double sword {longrare=g} hits the
                  | tentacled monstrosity!!
 59324 | Zot:3    | your +9 spectral double sword {longrare=g} hits the
                  | tentacled monstrosity!!
 59325 | Zot:3    | your +9 spectral double sword {longrare=g} hits the
                  | tentacled monstrosity!
 59326 | Zot:3    | your +9 spectral double sword {longrare=g} hits the
                  | tentacled monstrosity!!
 59329 | Zot:3    | your +9 spectral double sword {longrare=g} hits the
                  | tentacled monstrosity!!
 59330 | Zot:3    | your +9 spectral double sword {longrare=g} hits the
                  | tentacled monstrosity!
 59331 | Zot:3    | your +9 spectral double sword {longrare=g} hits the
                  | tentacled monstrosity!
 59334 | Zot:3    | your +9 spectral double sword {longrare=g} hits the golden
                  | dragon!
 59339 | Zot:3    | Identified +0 gold dragon scales
 59370 | Zot:3    | You feel a bond with your +9 spectral double sword
                  | {longrare=g}.
 59370 | Zot:3    | b - a +9 spectral double sword (weapon) {longrare=g}
 59371 | Zot:3    | your +9 spectral double sword {longrare=g} hits something!
 59372 | Zot:3    | your +9 spectral double sword {longrare=g} hits something
                  | but does no damage.
 59373 | Zot:3    | something blocks your +9 spectral double sword
                  | {longrare=g}'s attack.
 59373 | Zot:3    | something hits your +9 spectral double sword {longrare=g}!
 59374 | Zot:3    | your +9 spectral double sword {longrare=g} hits something!
 59374 | Zot:3    | something hits your +9 spectral double sword {longrare=g}!
 59375 | Zot:3    | your +9 spectral double sword {longrare=g} hits something!
 59378 | Zot:3    | your +9 spectral double sword {longrare=g} hits the black
                  | draconian knight but does no damage.
 59379 | Zot:3    | your +9 spectral double sword {longrare=g} hits the black
                  | draconian knight.
 59380 | Zot:3    | your +9 spectral double sword {longrare=g} hits the black
                  | draconian knight!!
 59380 | Zot:3    | The bolt of cold misses your +9 spectral double sword
                  | {longrare=g}.
 59382 | Zot:3    | your +9 spectral double sword {longrare=g} hits the black
                  | draconian knight but does no damage.
 59384 | Zot:3    | your +9 spectral double sword {longrare=g} hits the black
                  | draconian.
 59384 | Zot:3    | the black draconian hits your +9 spectral double sword
                  | {longrare=g} with a +0 flail!
 59722 | Zot:4    | Reached skill level 27 in Armour
 59936 | Zot:4    | Noticed a shard shrike
 60038 | Zot:4    | Noticed an orb of fire
 60043 | Zot:4    | You feel a bond with your +9 spectral double sword
                  | {longrare=g}.
 60043 | Zot:4    | b - a +9 spectral double sword (weapon) {longrare=g}
 60127 | Zot:4    | Acquired a manual of Shields
 60169 | Zot:4    | You feel a bond with your +9 spectral double sword
                  | {longrare=g}.
 60169 | Zot:4    | b - a +9 spectral double sword (weapon) {longrare=g}
 60172 | Zot:4    | your +9 spectral double sword {longrare=g} hits the orb of
                  | fire!!
 60173 | Zot:4    | your +9 spectral double sword {longrare=g} hits the orb of
                  | fire but does no damage.
 60173 | Zot:4    | The fireball engulfs your +9 spectral double sword
                  | {longrare=g}!
 60173 | Zot:4    | your +9 spectral double sword {longrare=g} resists.
 60174 | Zot:4    | your +9 spectral double sword {longrare=g} misses the orb
                  | of fire.
 60175 | Zot:4    | your +9 spectral double sword {longrare=g} misses the orb
                  | of fire.
 60176 | Zot:4    | your +9 spectral double sword {longrare=g} hits the orb of
                  | fire.
 60177 | Zot:4    | your +9 spectral double sword {longrare=g} hits the orb of
                  | fire!
 60177 | Zot:4    | The fireball engulfs your +9 spectral double sword
                  | {longrare=g}!!
 60177 | Zot:4    | your +9 spectral double sword {longrare=g} resists.
 60178 | Zot:4    | your +9 spectral double sword {longrare=g} hits the orb of
                  | fire!
 60179 | Zot:4    | your +9 spectral double sword {longrare=g} closely misses
                  | the orb of fire.
 60180 | Zot:4    | your +9 spectral double sword {longrare=g} misses the orb
                  | of fire.
 60180 | Zot:4    | Lost mutation: You have an increased reservoir of magic.
                  | (+10% MP) [an orb of fire]
 60181 | Zot:4    | your +9 spectral double sword {longrare=g} misses the orb
                  | of fire.
 60181 | Zot:4    | Gained mutation: You are clumsy. (Dex -2) [an orb of fire]
 60182 | Zot:4    | Killed an orb of fire
 60213 | Zot:4    | You feel a bond with your +9 spectral double sword
                  | {longrare=g}.
 60213 | Zot:4    | b - a +9 spectral double sword (weapon) {longrare=g}
 60215 | Zot:4    | your +9 spectral double sword {longrare=g} hits the shard
                  | shrike!
 60217 | Zot:4    | your +9 spectral double sword {longrare=g} closely misses
                  | the shard shrike.
 60219 | Zot:4    | your +9 spectral double sword {longrare=g} hits the shard
                  | shrike!
 60219 | Zot:4    | the shard shrike claws your +9 spectral double sword
                  | {longrare=g}.
 60219 | Zot:4    | the shard shrike freezes your +9 spectral double sword
                  | {longrare=g}!!
 60219 | Zot:4    | your +9 spectral double sword {longrare=g} resists.
 60220 | Zot:4    | Killed a shard shrike
 60354 | Zot:4    | Noticed an electric golem
 60359 | Zot:4    | Noticed an orb of fire
 60360 | Zot:4    | You feel a bond with your +9 spectral double sword
                  | {longrare=g}.
 60360 | Zot:4    | b - a +9 spectral double sword (weapon) {longrare=g}
 60361 | Zot:4    | your +9 spectral double sword {longrare=g} hits the black
                  | draconian!
 60363 | Zot:4    | your +9 spectral double sword {longrare=g} hits the
                  | electric golem!
 60364 | Zot:4    | your +9 spectral double sword {longrare=g} hits the
                  | electric golem!!
 60364 | Zot:4    | the electric golem hits your +9 spectral double sword
                  | {longrare=g}!
 60364 | Zot:4    | the electric golem shocks your +9 spectral double sword
                  | {longrare=g}.
 60364 | Zot:4    | your +9 spectral double sword {longrare=g} resists.
 60364 | Zot:4    | the electric golem hits your +9 spectral double sword
                  | {longrare=g} but does no damage.
 60364 | Zot:4    | the electric golem barely misses your +9 spectral double
                  | sword {longrare=g}.
 60364 | Zot:4    | the electric golem hits your +9 spectral double sword
                  | {longrare=g}!
 60365 | Zot:4    | your +9 spectral double sword {longrare=g} barely misses
                  | the electric golem.
 60366 | Zot:4    | your +9 spectral double sword {longrare=g} hits the
                  | electric golem!
 60366 | Zot:4    | The fireball engulfs your +9 spectral double sword
                  | {longrare=g}!!
 60366 | Zot:4    | your +9 spectral double sword {longrare=g} resists.
 60367 | Zot:4    | Killed an electric golem
 60368 | Zot:4    | your +9 spectral double sword {longrare=g} closely misses
                  | the orb of fire.
 60369 | Zot:4    | your +9 spectral double sword {longrare=g} completely
                  | misses the orb of fire.
 60370 | Zot:4    | your +9 spectral double sword {longrare=g} hits the orb of
                  | fire!
 60371 | Zot:4    | your +9 spectral double sword {longrare=g} completely
                  | misses the orb of fire.
 60372 | Zot:4    | your +9 spectral double sword {longrare=g} misses the orb
                  | of fire.
 60372 | Zot:4    | The fireball engulfs your +9 spectral double sword
                  | {longrare=g}!!
 60372 | Zot:4    | your +9 spectral double sword {longrare=g} resists.
 60373 | Zot:4    | your +9 spectral double sword {longrare=g} completely
                  | misses the orb of fire.
 60374 | Zot:4    | your +9 spectral double sword {longrare=g} hits the orb of
                  | fire!
 60375 | Zot:4    | your +9 spectral double sword {longrare=g} hits the orb of
                  | fire!
 60376 | Zot:4    | your +9 spectral double sword {longrare=g} hits the orb of
                  | fire.
 60376 | Zot:4    | The fireball engulfs your +9 spectral double sword
                  | {longrare=g}!!!
 60376 | Zot:4    | your +9 spectral double sword {longrare=g} resists.
 60377 | Zot:4    | your +9 spectral double sword {longrare=g} hits the orb of
                  | fire but does no damage.
 60377 | Zot:4    | The fireball engulfs your +9 spectral double sword
                  | {longrare=g}!!
 60377 | Zot:4    | your +9 spectral double sword {longrare=g} resists.
 60378 | Zot:4    | your +9 spectral double sword {longrare=g} closely misses
                  | the orb of fire.
 60379 | Zot:4    | your +9 spectral double sword {longrare=g} barely misses
                  | the orb of fire.
 60380 | Zot:4    | your +9 spectral double sword {longrare=g} misses the orb
                  | of fire.
 60381 | Zot:4    | Killed an orb of fire
 60382 | Zot:4    | Reached skill level 23 in Shields
 60512 | Zot:4    | Noticed an electric golem
 60514 | Zot:4    | You feel a bond with your +9 spectral double sword
                  | {longrare=g}.
 60514 | Zot:4    | b - a +9 spectral double sword (weapon) {longrare=g}
 60515 | Zot:4    | your +9 spectral double sword {longrare=g} closely misses
                  | the moth of wrath.
 60520 | Zot:4    | your +9 spectral double sword {longrare=g} hits the
                  | electric golem!!
 60521 | Zot:4    | your +9 spectral double sword {longrare=g} completely
                  | misses the electric golem.
 60525 | Zot:4    | your +9 spectral double sword {longrare=g} hits the
                  | electric golem!!
 60527 | Zot:4    | your +9 spectral double sword {longrare=g} closely misses
                  | the electric golem.
 60528 | Zot:4    | your +9 spectral double sword {longrare=g} hits the
                  | electric golem!
 60528 | Zot:4    | Killed an electric golem
 60567 | Zot:4    | Noticed a curse toe
 60586 | Zot:4    | You feel a bond with your +9 spectral double sword
                  | {longrare=g}.
 60586 | Zot:4    | b - a +9 spectral double sword (weapon) {longrare=g}
 60621 | Zot:4    | You feel a bond with your +9 spectral double sword
                  | {longrare=g}.
 60621 | Zot:4    | b - a +9 spectral double sword (weapon) {longrare=g}
 60623 | Zot:4    | Killed a curse toe
 60724 | Zot:4    | your +9 spectral double sword {longrare=g} hits the purple
                  | draconian shifter but does no damage.
 60725 | Zot:4    | your +9 spectral double sword {longrare=g} hits the purple
                  | draconian shifter!!
 60726 | Zot:4    | your +9 spectral double sword {longrare=g} completely
                  | misses the purple draconian shifter.
 60729 | Zot:4    | your +9 spectral double sword {longrare=g} hits the purple
                  | draconian shifter!!
 60730 | Zot:4    | your +9 spectral double sword {longrare=g} completely
                  | misses the purple draconian shifter.
 60731 | Zot:4    | your +9 spectral double sword {longrare=g} closely misses
                  | the purple draconian shifter.
 60732 | Zot:4    | your +9 spectral double sword {longrare=g} misses the
                  | purple draconian shifter.
 60733 | Zot:4    | your +9 spectral double sword {longrare=g} hits the purple
                  | draconian shifter!!
 60734 | Zot:4    | your +9 spectral double sword {longrare=g} misses the
                  | purple draconian shifter.
 60735 | Zot:4    | your +9 spectral double sword {longrare=g} barely misses
                  | the purple draconian shifter.
 60736 | Zot:4    | your +9 spectral double sword {longrare=g} hits the purple
                  | draconian shifter!!
 60778 | Zot:4    | Noticed an electric golem
 60781 | Zot:4    | your +9 spectral double sword {longrare=g} hits the
                  | electric golem!!
 60782 | Zot:4    | your +9 spectral double sword {longrare=g} completely
                  | misses the electric golem.
 60783 | Zot:4    | your +9 spectral double sword {longrare=g} misses the
                  | electric golem.
 60784 | Zot:4    | your +9 spectral double sword {longrare=g} hits the
                  | electric golem!
 60785 | Zot:4    | your +9 spectral double sword {longrare=g} completely
                  | misses the electric golem.
 60786 | Zot:4    | your +9 spectral double sword {longrare=g} hits the
                  | electric golem!!
 60786 | Zot:4    | Killed an electric golem
 60787 | Zot:4    | Reached skill level 24 in Shields
 60911 | Zot:5    | Entered Level 5 of the Realm of Zot
 60911 | Zot:5    | Noticed an orb of fire
 60914 | Zot:5    | your +9 spectral double sword {longrare=g} hits the orb of
                  | fire!!
 60915 | Zot:5    | your +9 spectral double sword {longrare=g} completely
                  | misses the orb of fire.
 60915 | Zot:5    | The wall burns your +9 spectral double sword {longrare=g}!
 60915 | Zot:5    | The wall burns your +9 spectral double sword {longrare=g}!
 60918 | Zot:5    | your +9 spectral double sword {longrare=g} completely
                  | misses the orb of fire.
 60919 | Zot:5    | your +9 spectral double sword {longrare=g} misses the orb
                  | of fire.
 60919 | Zot:5    | The fireball engulfs your +9 spectral double sword
                  | {longrare=g}!!
 60919 | Zot:5    | your +9 spectral double sword {longrare=g} resists.
 60920 | Zot:5    | your +9 spectral double sword {longrare=g} misses the orb
                  | of fire.
 60921 | Zot:5    | your +9 spectral double sword {longrare=g} hits the orb of
                  | fire!
 60922 | Zot:5    | Killed an orb of fire
 60925 | Zot:5    | your +9 spectral double sword {longrare=g} closely misses
                  | the purple draconian shifter.
 60926 | Zot:5    | your +9 spectral double sword {longrare=g} hits the purple
                  | draconian shifter!!
 60926 | Zot:5    | The walls burn your +9 spectral double sword {longrare=g}!
 60926 | Zot:5    | The walls burn your +9 spectral double sword {longrare=g}!
 60934 | Zot:5    | your +9 spectral double sword {longrare=g} hits the green
                  | draconian monk!!
 60935 | Zot:5    | your +9 spectral double sword {longrare=g} hits the green
                  | draconian monk.
 60935 | Zot:5    | the purple draconian completely misses your +9 spectral
                  | double sword {longrare=g}.
 60936 | Zot:5    | your +9 spectral double sword {longrare=g} hits the green
                  | draconian monk!!
 60936 | Zot:5    | the green draconian monk closely misses your +9 spectral
                  | double sword {longrare=g}.
 60936 | Zot:5    | the green draconian monk kicks your +9 spectral double
                  | sword {longrare=g}!
 60936 | Zot:5    | the green draconian monk tail-slaps your +9 spectral double
                  | sword {longrare=g}.
 60936 | Zot:5    | the green draconian monk tail-slaps your +9 spectral double
                  | sword {longrare=g}!
 60940 | Zot:5    | your +9 spectral double sword {longrare=g} hits the purple
                  | draconian!!
 60940 | Zot:5    | the purple draconian barely misses your +9 spectral double
                  | sword {longrare=g}.
 60941 | Zot:5    | your +9 spectral double sword {longrare=g} hits the purple
                  | draconian!!
 60941 | Zot:5    | the purple draconian completely misses your +9 spectral
                  | double sword {longrare=g}.
 60942 | Zot:5    | your +9 spectral double sword {longrare=g} closely misses
                  | the purple draconian.
 60943 | Zot:5    | your +9 spectral double sword {longrare=g} misses the
                  | purple draconian.
 60943 | Zot:5    | the purple draconian closely misses your +9 spectral double
                  | sword {longrare=g}.
 60944 | Zot:5    | your +9 spectral double sword {longrare=g} hits the purple
                  | draconian!!
 60946 | Zot:5    | your +9 spectral double sword {longrare=g} hits the moth of
                  | wrath!!
 60946 | Zot:5    | the moth of wrath bites your +9 spectral double sword
                  | {longrare=g}!
 60955 | Zot:5    | your +9 spectral double sword {longrare=g} hits the green
                  | draconian!
 60956 | Zot:5    | your +9 spectral double sword {longrare=g} hits the green
                  | draconian but does no damage.
 60980 | Zot:5    | your +9 spectral double sword {longrare=g} barely misses
                  | the black draconian.
 60980 | Zot:5    | the black draconian barely misses your +9 spectral double
                  | sword {longrare=g}.
 60981 | Zot:5    | your +9 spectral double sword {longrare=g} hits the black
                  | draconian!!
 60985 | Zot:5    | your +9 spectral double sword {longrare=g} barely misses
                  | the storm dragon.
 60986 | Zot:5    | your +9 spectral double sword {longrare=g} hits the storm
                  | dragon!
 60987 | Zot:5    | your +9 spectral double sword {longrare=g} hits the storm
                  | dragon!
 60988 | Zot:5    | your +9 spectral double sword {longrare=g} hits the storm
                  | dragon!!
 60989 | Zot:5    | your +9 spectral double sword {longrare=g} barely misses
                  | the storm dragon.
 60990 | Zot:5    | your +9 spectral double sword {longrare=g} barely misses
                  | the storm dragon.
 61007 | Zot:5    | +0 storm dragon scales {rare}; a storm dragon corpse
 61021 | Zot:5    | your +9 spectral double sword {longrare=g} hits the moth of
                  | wrath!!
 61022 | Zot:5    | your +9 spectral double sword {longrare=g} hits the moth of
                  | wrath!!
 61044 | Zot:5    | your +9 spectral double sword {longrare=g} hits the death
                  | cob!!
 61044 | Zot:5    | the quicksilver dragon misses your +9 spectral double sword
                  | {longrare=g}.
 61044 | Zot:5    | the quicksilver dragon claws your +9 spectral double sword
                  | {longrare=g}!
 61045 | Zot:5    | your +9 spectral double sword {longrare=g} hits the death
                  | cob!!
 61046 | Zot:5    | your +9 spectral double sword {longrare=g} barely misses
                  | the death cob.
 61050 | Zot:5    | your +9 spectral double sword {longrare=g} closely misses
                  | the quicksilver dragon.
 61051 | Zot:5    | your +9 spectral double sword {longrare=g} hits the
                  | quicksilver dragon.
 61052 | Zot:5    | your +9 spectral double sword {longrare=g} barely misses
                  | the quicksilver dragon.
 61053 | Zot:5    | your +9 spectral double sword {longrare=g} hits the
                  | quicksilver dragon!!
 61063 | Zot:5    | your +9 spectral double sword {longrare=g} hits the
                  | tentacled monstrosity!
 61064 | Zot:5    | your +9 spectral double sword {longrare=g} hits the
                  | tentacled monstrosity!!
 61064 | Zot:5    | the tentacled monstrosity completely misses your +9
                  | spectral double sword {longrare=g}.
 61064 | Zot:5    | the tentacled monstrosity tentacle-slaps your +9 spectral
                  | double sword {longrare=g}!
 61064 | Zot:5    | the tentacled monstrosity tentacle-slaps your +9 spectral
                  | double sword {longrare=g} but does no damage.
 61065 | Zot:5    | your +9 spectral double sword {longrare=g} hits the
                  | tentacled monstrosity!!
 61069 | Zot:5    | your +9 spectral double sword {longrare=g} hits the storm
                  | dragon!!
 61070 | Zot:5    | your +9 spectral double sword {longrare=g} hits the storm
                  | dragon!!
 61071 | Zot:5    | your +9 spectral double sword {longrare=g} closely misses
                  | the storm dragon.
 61072 | Zot:5    | your +9 spectral double sword {longrare=g} hits the storm
                  | dragon!!
 61081 | Zot:5    | Noticed an electric golem
 61084 | Zot:5    | your +9 spectral double sword {longrare=g} hits the
                  | electric golem!!
 61085 | Zot:5    | your +9 spectral double sword {longrare=g} hits the
                  | electric golem!
 61085 | Zot:5    | the electric golem hits your +9 spectral double sword
                  | {longrare=g}.
 61085 | Zot:5    | the electric golem shocks your +9 spectral double sword
                  | {longrare=g}.
 61085 | Zot:5    | your +9 spectral double sword {longrare=g} resists.
 61085 | Zot:5    | the electric golem hits your +9 spectral double sword
                  | {longrare=g}!
 61085 | Zot:5    | the electric golem shocks your +9 spectral double sword
                  | {longrare=g}.
 61085 | Zot:5    | your +9 spectral double sword {longrare=g} resists.
 61085 | Zot:5    | the electric golem hits your +9 spectral double sword
                  | {longrare=g}.
 61085 | Zot:5    | the electric golem hits your +9 spectral double sword
                  | {longrare=g}.
 61086 | Zot:5    | your +9 spectral double sword {longrare=g} misses the
                  | electric golem.
 61087 | Zot:5    | your +9 spectral double sword {longrare=g} hits the
                  | electric golem!!
 61087 | Zot:5    | Killed an electric golem
 61088 | Zot:5    | Reached skill level 25 in Shields
 61108 | Zot:5    | Lost mutation: You have sharp fingernails. [Jiyva's grace]
 61108 | Zot:5    | Gained mutation: You have a small jelly attached to you
                  | that may absorb projectiles. [Jiyva's grace]
 61108 | Zot:5    | Gained mutation: You have a small jelly attached to you
                  | that senses nearby items. [Jiyva's grace]
 61108 | Zot:5    | Gained mutation: Your muscles are strong. (Str +4, Int/Dex
                  | -1) [Jiyva's grace]
 61108 | Zot:5    | Gained mutation: Your muscles are very strong. (Str +8,
                  | Int/Dex -2) [Jiyva's grace]
 61155 | Zot:5    | +0 storm dragon scales {rare}; a storm dragon corpse
 61217 | Zot:5    | your +9 spectral double sword {longrare=g} hits the moth of
                  | wrath!!!
 61222 | Zot:5    | your +9 spectral double sword {longrare=g} hits the
                  | tentacled monstrosity!
 61223 | Zot:5    | your +9 spectral double sword {longrare=g} hits the
                  | tentacled monstrosity!
 61224 | Zot:5    | your +9 spectral double sword {longrare=g} hits the
                  | tentacled monstrosity!!
 61260 | Zot:5    | your +9 spectral double sword {longrare=g} hits the death
                  | cob.
 61261 | Zot:5    | your +9 spectral double sword {longrare=g} hits the death
                  | cob!
 61262 | Zot:5    | your +9 spectral double sword {longrare=g} closely misses
                  | the death cob.
 61263 | Zot:5    | your +9 spectral double sword {longrare=g} hits the death
                  | cob!
 61263 | Zot:5    | the death cob hits your +9 spectral double sword
                  | {longrare=g}!!
 61263 | Zot:5    | the death cob misses your +9 spectral double sword
                  | {longrare=g}.
 61263 | Zot:5    | the death cob hits your +9 spectral double sword
                  | {longrare=g}!
 61264 | Zot:5    | your +9 spectral double sword {longrare=g} hits the death
                  | cob!
 61369 | Zot:5    | Noticed an orb of fire
 61374 | Zot:5    | your +9 spectral double sword {longrare=g} completely
                  | misses the Orb Guardian.
 61375 | Zot:5    | your +9 spectral double sword {longrare=g} hits the Orb
                  | Guardian!
 61375 | Zot:5    | the Orb Guardian barely misses your +9 spectral double
                  | sword {longrare=g}.
 61377 | Zot:5    | your +9 spectral double sword {longrare=g} hits the Orb
                  | Guardian!
 61377 | Zot:5    | the Orb Guardian hits your +9 spectral double sword
                  | {longrare=g}!
 61378 | Zot:5    | your +9 spectral double sword {longrare=g} closely misses
                  | the Orb Guardian.
 61378 | Zot:5    | the Orb Guardian hits your +9 spectral double sword
                  | {longrare=g}!
 61380 | Zot:5    | your +9 spectral double sword {longrare=g} misses the Orb
                  | Guardian.
 61380 | Zot:5    | the moth of wrath closely misses your +9 spectral double
                  | sword {longrare=g}.
 61381 | Zot:5    | your +9 spectral double sword {longrare=g} hits the Orb
                  | Guardian!!
 61381 | Zot:5    | the Orb Guardian hits your +9 spectral double sword
                  | {longrare=g}!!
 61382 | Zot:5    | your +9 spectral double sword {longrare=g} misses the Orb
                  | Guardian.
 61383 | Zot:5    | your +9 spectral double sword {longrare=g} hits the Orb
                  | Guardian!!
 61384 | Zot:5    | your +9 spectral double sword {longrare=g} hits the moth of
                  | wrath!!
 61385 | Zot:5    | your +9 spectral double sword {longrare=g} hits the moth of
                  | wrath!!
 61385 | Zot:5    | something barely misses your +9 spectral double sword
                  | {longrare=g}.
 61385 | Zot:5    | something closely misses your +9 spectral double sword
                  | {longrare=g}.
 61385 | Zot:5    | something closely misses your +9 spectral double sword
                  | {longrare=g}.
 61387 | Zot:5    | your +9 spectral double sword {longrare=g} hits the orb of
                  | fire but does no damage.
 61388 | Zot:5    | your +9 spectral double sword {longrare=g} completely
                  | misses the orb of fire.
 61389 | Zot:5    | your +9 spectral double sword {longrare=g} hits the orb of
                  | fire.
 61390 | Zot:5    | your +9 spectral double sword {longrare=g} hits the orb of
                  | fire.
 61390 | Zot:5    | The bolt of fire hits your +9 spectral double sword
                  | {longrare=g}!
 61390 | Zot:5    | your +9 spectral double sword {longrare=g} resists.
 61391 | Zot:5    | your +9 spectral double sword {longrare=g} hits the orb of
                  | fire!!
 61392 | Zot:5    | your +9 spectral double sword {longrare=g} hits the orb of
                  | fire but does no damage.
 61393 | Zot:5    | Killed an orb of fire
 61394 | Zot:5    | Reached skill level 24 in Fighting
 61394 | Zot:5    | Reached XP level 26. HP: 242/271 MP: 21/23
 61394 | Zot:5    | your +9 spectral double sword {longrare=g} hits the golden
                  | dragon!!
 61395 | Zot:5    | your +9 spectral double sword {longrare=g} hits the golden
                  | dragon.
 61396 | Zot:5    | your +9 spectral double sword {longrare=g} hits the golden
                  | dragon!!
 61396 | Zot:5    | the golden dragon misses your +9 spectral double sword
                  | {longrare=g}.
 61396 | Zot:5    | the golden dragon claws your +9 spectral double sword
                  | {longrare=g}.
 61396 | Zot:5    | the golden dragon tramples your +9 spectral double sword
                  | {longrare=g}!
 61396 | Zot:5    | your +9 spectral double sword {longrare=g} is shoved
                  | backwards!
 61403 | Zot:5    | your +9 spectral double sword {longrare=g} hits the Orb
                  | Guardian.
 61404 | Zot:5    | your +9 spectral double sword {longrare=g} barely misses
                  | the Orb Guardian.
 61405 | Zot:5    | your +9 spectral double sword {longrare=g} hits the Orb
                  | Guardian!
 61413 | Zot:5    | your +9 spectral double sword {longrare=g} closely misses
                  | the Orb Guardian.
 61414 | Zot:5    | your +9 spectral double sword {longrare=g} hits the Orb
                  | Guardian but does no damage.
 61414 | Zot:5    | the Orb Guardian barely misses your +9 spectral double
                  | sword {longrare=g}.
 61417 | Zot:5    | your +9 spectral double sword {longrare=g} hits the Orb
                  | Guardian!!
 61418 | Zot:5    | your +9 spectral double sword {longrare=g} hits the Orb
                  | Guardian!
 61419 | Zot:5    | your +9 spectral double sword {longrare=g} hits the Orb
                  | Guardian!!
 61420 | Zot:5    | your +9 spectral double sword {longrare=g} barely misses
                  | the Orb Guardian.
 61424 | Zot:5    | your +9 spectral double sword {longrare=g} hits the Orb
                  | Guardian!!
 61425 | Zot:5    | your +9 spectral double sword {longrare=g} hits the Orb
                  | Guardian!
 61426 | Zot:5    | your +9 spectral double sword {longrare=g} hits the
                  | tentacled monstrosity!
 61427 | Zot:5    | your +9 spectral double sword {longrare=g} barely misses
                  | the tentacled monstrosity.
 61428 | Zot:5    | your +9 spectral double sword {longrare=g} hits the
                  | tentacled monstrosity.
 61428 | Zot:5    | the tentacled monstrosity tentacle-slaps your +9 spectral
                  | double sword {longrare=g} but does no damage.
 61428 | Zot:5    | the tentacled monstrosity closely misses your +9 spectral
                  | double sword {longrare=g}.
 61428 | Zot:5    | the tentacled monstrosity tentacle-slaps your +9 spectral
                  | double sword {longrare=g} but does no damage.
 61471 | Zot:5    | Noticed an electric golem
 61479 | Zot:5    | Noticed an ancient lich
 61487 | Zot:5    | your +9 spectral double sword {longrare=g} barely misses
                  | the ancient lich.
 61488 | Zot:5    | your +9 spectral double sword {longrare=g} hits the ancient
                  | lich but does no damage.
 61489 | Zot:5    | your +9 spectral double sword {longrare=g} completely
                  | misses the ancient lich.
 61490 | Zot:5    | your +9 spectral double sword {longrare=g} closely misses
                  | the ancient lich.
 61491 | Zot:5    | your +9 spectral double sword {longrare=g} hits the ancient
                  | lich!!
 61491 | Zot:5    | the ancient lich touches your +9 spectral double sword
                  | {longrare=g}!
 61492 | Zot:5    | your +9 spectral double sword {longrare=g} hits the ancient
                  | lich!
 61493 | Zot:5    | Killed an ancient lich
 61494 | Zot:5    | your +9 spectral double sword {longrare=g} closely misses
                  | the Orb Guardian.
 61495 | Zot:5    | your +9 spectral double sword {longrare=g} hits the Orb
                  | Guardian!
 61496 | Zot:5    | your +9 spectral double sword {longrare=g} hits the Orb
                  | Guardian!!
 61506 | Zot:5    | Noticed an ancient lich
 61509 | Zot:5    | your +9 spectral double sword {longrare=g} barely misses
                  | the ancient lich.
 61510 | Zot:5    | your +9 spectral double sword {longrare=g} hits the ancient
                  | lich!
 61511 | Zot:5    | your +9 spectral double sword {longrare=g} hits the ancient
                  | lich!
 61512 | Zot:5    | your +9 spectral double sword {longrare=g} hits the ancient
                  | lich.
 61513 | Zot:5    | your +9 spectral double sword {longrare=g} hits the ancient
                  | lich!
 61514 | Zot:5    | your +9 spectral double sword {longrare=g} hits the ancient
                  | lich.
 61515 | Zot:5    | your +9 spectral double sword {longrare=g} misses the
                  | ancient lich.
 61516 | Zot:5    | Killed an ancient lich
 61518 | Zot:5    | Noticed an ancient lich
 61530 | Zot:5    | your +9 spectral double sword {longrare=g} hits the ancient
                  | lich!!
 61531 | Zot:5    | your +9 spectral double sword {longrare=g} barely misses
                  | the ancient lich.
 61532 | Zot:5    | your +9 spectral double sword {longrare=g} hits the ancient
                  | lich!
 61532 | Zot:5    | Killed an ancient lich
 61537 | Zot:5    | Noticed an ancient lich
 61539 | Zot:5    | your +9 spectral double sword {longrare=g} hits the storm
                  | dragon!!
 61542 | Zot:5    | your +9 spectral double sword {longrare=g} hits the ancient
                  | lich!
 61543 | Zot:5    | your +9 spectral double sword {longrare=g} hits the ancient
                  | lich!!
 61544 | Zot:5    | your +9 spectral double sword {longrare=g} hits the ancient
                  | lich!
 61544 | Zot:5    | the ancient lich completely misses your +9 spectral double
                  | sword {longrare=g}.
 61545 | Zot:5    | your +9 spectral double sword {longrare=g} closely misses
                  | the ancient lich.
 61546 | Zot:5    | your +9 spectral double sword {longrare=g} hits the ancient
                  | lich but does no damage.
 61547 | Zot:5    | Killed an ancient lich
 61548 | Zot:5    | your +9 spectral double sword {longrare=g} hits the storm
                  | dragon!!
 61549 | Zot:5    | your +9 spectral double sword {longrare=g} hits the storm
                  | dragon!!
 61552 | Zot:5    | your +9 spectral double sword {longrare=g} hits the green
                  | draconian!!
 61553 | Zot:5    | your +9 spectral double sword {longrare=g} hits the green
                  | draconian!!
 61561 | Zot:5    | your +9 spectral double sword {longrare=g} hits the Orb
                  | Guardian!!
 61562 | Zot:5    | your +9 spectral double sword {longrare=g} hits the Orb
                  | Guardian!
 61563 | Zot:5    | your +9 spectral double sword {longrare=g} hits the Orb
                  | Guardian.
 61563 | Zot:5    | The klown pie hits your +9 spectral double sword
                  | {longrare=g}!!
 61567 | Zot:5    | your +9 spectral double sword {longrare=g} hits the Killer
                  | Klown!
 61568 | Zot:5    | your +9 spectral double sword {longrare=g} hits the Killer
                  | Klown!
 61568 | Zot:5    | the Killer Klown pokes your +9 spectral double sword
                  | {longrare=g} with a +9 club!
 61569 | Zot:5    | your +9 spectral double sword {longrare=g} hits the Killer
                  | Klown!!
 61570 | Zot:5    | your +9 spectral double sword {longrare=g} hits the Orb
                  | Guardian!!
 61571 | Zot:5    | your +9 spectral double sword {longrare=g} closely misses
                  | the Orb Guardian.
 61572 | Zot:5    | your +9 spectral double sword {longrare=g} hits the Orb
                  | Guardian but does no damage.
 61577 | Zot:5    | your +9 spectral double sword {longrare=g} misses the Orb
                  | Guardian.
 61578 | Zot:5    | your +9 spectral double sword {longrare=g} hits the Orb
                  | Guardian!
 61587 | Zot:5    | your +9 spectral double sword {longrare=g} hits the Orb
                  | Guardian!
 61588 | Zot:5    | your +9 spectral double sword {longrare=g} hits the Orb
                  | Guardian!!
 61589 | Zot:5    | your +9 spectral double sword {longrare=g} closely misses
                  | the Orb Guardian.
 61590 | Zot:5    | your +9 spectral double sword {longrare=g} hits the Orb
                  | Guardian but does no damage.
 61592 | Zot:5    | your +9 spectral double sword {longrare=g} hits the Orb
                  | Guardian!
 61593 | Zot:5    | your +9 spectral double sword {longrare=g} hits the Orb
                  | Guardian!
 61594 | Zot:5    | your +9 spectral double sword {longrare=g} completely
                  | misses the Orb Guardian.
 61595 | Zot:5    | your +9 spectral double sword {longrare=g} hits the Orb
                  | Guardian!
 61596 | Zot:5    | your +9 spectral double sword {longrare=g} hits the Orb
                  | Guardian!
 61597 | Zot:5    | your +9 spectral double sword {longrare=g} hits the Orb
                  | Guardian!!
 61598 | Zot:5    | your +9 spectral double sword {longrare=g} closely misses
                  | the Orb Guardian.
 61598 | Zot:5    | the Orb Guardian hits your +9 spectral double sword
                  | {longrare=g} but does no damage.
 61599 | Zot:5    | your +9 spectral double sword {longrare=g} hits the Orb
                  | Guardian!
 61601 | Zot:5    | your +9 spectral double sword {longrare=g} hits the Orb
                  | Guardian!!
 61602 | Zot:5    | your +9 spectral double sword {longrare=g} completely
                  | misses the Orb Guardian.
 61604 | Zot:5    | Noticed an orb of fire
 61604 | Zot:5    | Gained mutation: Potions are less effective at restoring
                  | your health. [an orb of fire]
 61612 | Zot:5    | your +9 spectral double sword {longrare=g} hits the orb of
                  | fire!
 61613 | Zot:5    | your +9 spectral double sword {longrare=g} hits the orb of
                  | fire!
 61614 | Zot:5    | your +9 spectral double sword {longrare=g} hits the orb of
                  | fire but does no damage.
 61615 | Zot:5    | your +9 spectral double sword {longrare=g} barely misses
                  | the orb of fire.
 61616 | Zot:5    | your +9 spectral double sword {longrare=g} completely
                  | misses the orb of fire.
 61617 | Zot:5    | your +9 spectral double sword {longrare=g} hits the orb of
                  | fire.
 61618 | Zot:5    | your +9 spectral double sword {longrare=g} barely misses
                  | the orb of fire.
 61619 | Zot:5    | your +9 spectral double sword {longrare=g} hits the orb of
                  | fire!!
 61620 | Zot:5    | your +9 spectral double sword {longrare=g} hits the orb of
                  | fire!!
 61620 | Zot:5    | Killed an orb of fire
 61621 | Zot:5    | Reached skill level 25 in Fighting
 61631 | Zot:5    | your +9 spectral double sword {longrare=g} completely
                  | misses the Orb Guardian.
 61632 | Zot:5    | your +9 spectral double sword {longrare=g} completely
                  | misses the Orb Guardian.
 61633 | Zot:5    | your +9 spectral double sword {longrare=g} hits the Orb
                  | Guardian!!
 61634 | Zot:5    | your +9 spectral double sword {longrare=g} hits the Orb
                  | Guardian!
 61635 | Zot:5    | your +9 spectral double sword {longrare=g} hits the Orb
                  | Guardian!!
 61636 | Zot:5    | your +9 spectral double sword {longrare=g} hits the Orb
                  | Guardian!!
 61637 | Zot:5    | your +9 spectral double sword {longrare=g} hits the Orb
                  | Guardian!
 61638 | Zot:5    | your +9 spectral double sword {longrare=g} hits the Orb
                  | Guardian!
 61638 | Zot:5    | the Orb Guardian hits your +9 spectral double sword
                  | {longrare=g}!!
 61639 | Zot:5    | your +9 spectral double sword {longrare=g} hits the Orb
                  | Guardian!!
 61640 | Zot:5    | your +9 spectral double sword {longrare=g} hits the Orb
                  | Guardian.
 61647 | Zot:5    | your +9 spectral double sword {longrare=g} closely misses
                  | the Orb Guardian.
 61648 | Zot:5    | your +9 spectral double sword {longrare=g} misses the Orb
                  | Guardian.
 61649 | Zot:5    | your +9 spectral double sword {longrare=g} barely misses
                  | the Orb Guardian.
 61654 | Zot:5    | your +9 spectral double sword {longrare=g} hits the Orb
                  | Guardian!
 61654 | Zot:5    | your +9 spectral double sword {longrare=g} blinks!
 61654 | Zot:5    | Noticed an orb of fire
 61656 | Zot:5    | your +9 spectral double sword {longrare=g} hits the Orb
                  | Guardian!!
 61657 | Zot:5    | your +9 spectral double sword {longrare=g} completely
                  | misses the Orb Guardian.
 61658 | Zot:5    | your +9 spectral double sword {longrare=g} misses the Orb
                  | Guardian.
 61659 | Zot:5    | your +9 spectral double sword {longrare=g} hits the Orb
                  | Guardian!
 61659 | Zot:5    | the Orb Guardian hits your +9 spectral double sword
                  | {longrare=g}!!
 61661 | Zot:5    | Noticed an orb of fire
 61662 | Zot:5    | Got the Orb of Zot
 61664 | Zot:5    | Gained mutation: You occasionally lose the ability to read
                  | scrolls when taking damage. [an orb of fire]
 61664 | Zot:5    | Noticed an electric golem
 61667 | Zot:5    | your +9 spectral double sword {longrare=g} hits the Killer
                  | Klown!!
 61668 | Zot:5    | your +9 spectral double sword {longrare=g} hits the Killer
                  | Klown!!
 61669 | Zot:5    | your +9 spectral double sword {longrare=g} hits the Killer
                  | Klown!
 61672 | Zot:5    | Noticed an ancient lich
 61673 | Zot:5    | Gained mutation: You occasionally shout uncontrollably at
                  | your foes. [an orb of fire]
 61675 | Zot:5    | Noticed a dread lich
 61679 | Zot:5    | Noticed a dread lich
 61688 | Zot:5    | your +9 spectral double sword {longrare=g} hits the death
                  | cob!!
 61689 | Zot:5    | your +9 spectral double sword {longrare=g} hits the death
                  | cob!!
 61797 | Zot:1    | your +9 spectral double sword {longrare=g} hits the Orb
                  | Guardian!
 61798 | Zot:1    | your +9 spectral double sword {longrare=g} hits the Orb
                  | Guardian!
 61799 | Zot:1    | your +9 spectral double sword {longrare=g} hits the Orb
                  | Guardian.
 61882 | Depths:1 | your +9 spectral double sword {longrare=g} hits the Orb
                  | Guardian!
 61883 | Depths:1 | your +9 spectral double sword {longrare=g} hits the Orb
                  | Guardian.
 61883 | Depths:1 | the Orb Guardian hits your +9 spectral double sword
                  | {longrare=g}!!
 61993 | D:9      | your +9 spectral double sword {longrare=g} hits the
                  | ynoxinul!!
 62000 | D:9      | your +9 spectral double sword {longrare=g} hits the smoke
                  | demon!!
 62214 | D:1      | your +9 spectral double sword {longrare=g} barely misses
                  | the hell beast.
 62215 | D:1      | your +9 spectral double sword {longrare=g} hits the hell
                  | beast!
 62216 | D:1      | your +9 spectral double sword {longrare=g} completely
                  | misses the hell beast.
 62229 | D:1      | your +9 spectral double sword {longrare=g} hits the hell
                  | beast!!
 62230 | D:1      | your +9 spectral double sword {longrare=g} hits the hell
                  | beast!!
 62230 | D:1      | The wall burns your +9 spectral double sword {longrare=g}!
 62230 | D:1      | The wall burns your +9 spectral double sword {longrare=g}!
 62249 | D:1      | your +9 spectral double sword {longrare=g} completely
                  | misses the Orb Guardian.
 62251 | D:1      | your +9 spectral double sword {longrare=g} hits the Orb
                  | Guardian!!
 62251 | D:1      | the Orb Guardian hits your +9 spectral double sword
                  | {longrare=g}!!
 62252 | D:1      | your +9 spectral double sword {longrare=g} barely misses
                  | the Orb Guardian.
 62253 | D:1      | your +9 spectral double sword {longrare=g} hits the Orb
                  | Guardian!!
 62259 | D:1      | Gained mutation: You are frail. (-10% HP) [a neqoxec]
 62260 | D:1      | your +9 spectral double sword {longrare=g} misses the
                  | neqoxec.
 62262 | D:1      | your +9 spectral double sword {longrare=g} hits the
                  | neqoxec!
 62274 | D:1      | your +9 spectral double sword {longrare=g} hits the Orb
                  | Guardian!
 62275 | D:1      | your +9 spectral double sword {longrare=g} hits the Orb
                  | Guardian!
 62276 | D:1      | your +9 spectral double sword {longrare=g} closely misses
                  | the Orb Guardian.
 62277 | D:1      | your +9 spectral double sword {longrare=g} closely misses
                  | the Orb Guardian.
 62279 | D:1      | your +9 spectral double sword {longrare=g} hits the Orb
                  | Guardian!
 62302 | D:$      | Escaped with the Orb!

Vanquished Creatures
  A dread lich (Vaults:5)
  4 ancient liches (Zot:5)
  5 orbs of fire
  A juggernaut (Depths:2)
  Boris (thrice) (Vaults:3 Depths:1 Depths:3)
  A Killer Klown (Zot:5)
  Bai Suzhen (Vaults:5)
  A shard shrike (Zot:4)
  3 curse toes
  The ghost of Dyrphilu the Spry, an adept GnMo of Gozag (Vaults:3)
  The ghost of Tribosh the Merry Tengu, a veteran TeHu of Okawaru (Vaults:4)
  14 golden dragons
  A Tzitzimitl (D:6)
  2 hellephants (Depths:1)
  A Brimstone Fiend (Zot:4)
  5 electric golems
  5 liches
  19 tentacled monstrosities
  2 deep elf master archers (Elf:3)
  Asterion (Snake:2)
  A walking divine tome (Depths:3)
  3 deep elf blademasters
  8 titans
  24 Orb Guardians
  10 death cobs
  11 quicksilver dragons
  An eldritch tentacle (Vaults:4)
  2 thorn hunters
  2 ancient champions (Crypt:2)
  3 sphinxes
  14 storm dragons
  14 draconian monks
  A revenant (Crypt:1)
  The ghost of RatherSlowDeath the Carver, an adept DsWr of Okawaru (Swamp:1)
  10 tengu reavers
  8 shadow dragons
  8 fire giants
  Donald (Orc:2)
  5 draconian knights
  11 nagarajas
  An iron dragon (Vaults:5)
  A fenstrider witch (Swamp:4)
  9 frost giants
  8 deep elf sorcerers
  3 ghost moths
  25 vault wardens
  An iron dragon (shapeshifter) (Vaults:5)
  A juggernaut zombie (Crypt:2)
  5 deep elf elementalists (Elf:3)
  2 curse skulls (Crypt:2)
  10 draconian scorchers
  4 ghouls
  5 draconian shifters
  14 ironbound preservers
  8 war gargoyles
  7 draconian annihilators
  A juggernaut skeleton (Crypt:1)
  A reaper (Depths:2)
  An orc warlord (Vaults:2)
  A quicksilver ooze (shapeshifter) (Vaults:5)
  13 green draconians
  3 draconian stormcallers
  18 very ugly things
  6 deep elf demonologists
  36 stone giants
  4 ironbound thunderhulks
  3 eleionomae
  4 deep elf annihilators (Elf:3)
  5 dire elephants
  9 vampire knights
  A spark wasp (Depths:2)
  12 red draconians
  15 black draconians
  3 bunyips
  6 yellow draconians
  A minotaur (Gauntlet)
  12 white draconians
  2 eidola (Crypt:2)
  17 purple draconians
  2 crystal guardians (Vaults:2)
  11 ettins
  11 deep elf death magi
  13 yaktaur captains
  A merfolk impaler (Depths:4)
  11 fire dragons
  3 entropy weavers
  5 deep elf high priests (Vaults:5)
  5 great orbs of eyes
  7 jiangshi
  A shambling mangrove (Swamp:4)
  A spectral tengu (Vaults:3)
  9 ice dragons
  Erolcha (D:10)
  3 peacekeepers
  3 hell beasts
  23 hydras
  7 rakshasas
  4 spriggan air magi
  A spriggan skeleton (Crypt:2)
  48 vault guards
  Erica (Lair:1)
  4 ogre magi
  A radroach (shapeshifter) (Vaults:5)
  2 catoblepae
  5 centaur warriors
  7 boulder beetles
  26 dancing weapons
  12 naga warriors
  A death yak (Lair:2)
  13 two-headed ogres
  An anaconda (shapeshifter) (Depths:3)
  11 anacondas
  9 deep troll shamans
  8 ironbound frosthearts
  5 alligators
  A death knight (Crypt:2)
  A spectral human (Vaults:3)
  7 hell hogs (Depths:1)
  5 tengu warriors
  12 naga sharpshooters
  11 shock serpents
  3 spriggan berserkers
  2 thrashing horrors (Gauntlet)
  Nergalle (D:10)
  11 deep troll earth magi
  5 vampire magi
  20 deep elf knights
  A sun demon (Depths:3)
  7 spriggans
  A sixfirhy (Depths:2)
  A storm dragon zombie (Depths:1)
  12 hell knights
  12 iron trolls
  A titan skeleton (Crypt:2)
  4 salamander mystics
  3 goliath frogs
  10 skeletal warriors
  3 shadow wraiths
  5 sea snakes (Snake:4)
  44 deep trolls
  3 death drakes (Depths:4)
  An anaconda zombie (Crypt:2)
  7 bog bodies
  10 naga ritualists
  A sea snake (shapeshifter) (Vaults:5)
  15 deep elf archers
  2 spriggan druids (Swamp:4)
  16 ironbound convokers
  5 wizards
  4 lindwurms
  3 flayed ghosts
  9 swamp dragons
  2 glowing orange brains
  13 phantasmal warriors
  6 necromancers
  34 deep elf pyromancers
  9 orc knights
  A bunyip skeleton (Crypt:2)
  33 deep elf zephyrmancers
  12 mana vipers
  A frost giant zombie (Vaults:4)
  An oklob plant (Lair:4)
  2 orc sorcerers
  A jorogumo zombie (Crypt:2)
  9 harpies
  11 cyclopes
  2 shadow dragon skeletons
  5 will-o-the-wisps
  A fire giant zombie (Vaults:2)
  16 salamanders
  36 ugly things
  Joseph (D:7)
  7 elephants
  25 moths of wrath
  4 smoke demons
  Maurice (D:9)
  3 guardian serpents (Snake:4)
  3 ice statues (IceCv)
  3 orange demons
  29 vault sentinels
  39 black mambas
  14 naga magi
  An alligator snapping turtle zombie (Crypt:2)
  A torpor snail (shapeshifter) (Vaults:5)
  A shock serpent skeleton (Crypt:2)
  3 gargoyles
  10 cane toads
  Maggie (D:7)
  A rime drake (shapeshifter) (Vaults:5)
  2 unseen horrors (shapeshifter)
  7 rime drakes
  10 komodo dragons
  25 yaktaurs
  Psyche (D:10)
  3 kobold demonologists
  6 freezing wraiths
  6 tengu conjurers
  An anaconda simulacrum (IceCv)
  3 efreet
  A harpy zombie (Crypt:2)
  A hydra zombie (Crypt:1)
  A purple draconian zombie (Crypt:1)
  8 ice devils
  6 meliai
  19 trolls
  A bloated husk (Swamp:2)
  4 red devils
  A tarantella (Vaults:1)
  15 polar bears
  A shadow dragon simulacrum (Vaults:3)
  3 tyrant leeches
  9 hornets
  33 slime creatures
  2 spriggan zombies (Depths:1)
  17 blink frogs
  7 dream sheep (Lair:5)
  A fire giant simulacrum (Vaults:5)
  3 air elementals
  A centaur simulacrum (Gauntlet)
  2 shadows
  A jumping spider (Vaults:1)
  A culicivora (Vaults:1)
  A jumping spider (shapeshifter) (Vaults:5)
  2 small abominations (Gauntlet)
  4 wraiths
  71 yaks
  8 water elementals
  A black mamba skeleton (Crypt:2)
  3 vampires
  A ynoxinul (D:9)
  A yak (shapeshifter) (Elf:1)
  5 wyverns
  3 fire elementals
  A neqoxec (D:1)
  5 basilisks
  A steam dragon (D:8)
  8 vampire mosquitoes
  A redback (Vaults:1)
  4 wargs
  Grum (D:11)
  A harpy simulacrum (Gauntlet)
  19 swamp worms
  2 death yak simulacra
  Edmund (D:6)
  A deep troll zombie (Crypt:2)
  A tengu zombie (Depths:1)
  40 nagas
  14 water moccasins
  A human simulacrum (Vaults:2)
  2 acid dragons
  2 hell hounds (Lair:5)
  A glowing shapeshifter skeleton (Vaults:5)
  A meliai simulacrum (Gauntlet)
  3 hydra simulacra
  6 swamp drakes
  An ettin simulacrum (Vaults:5)
  2 merfolk skeletons
  25 orc warriors
  13 black bears
  30 ogres
  An elephant skeleton (Crypt:1)
  16 wolves
  6 boggarts
  9 centaurs
  4 phantoms
  3 elf simulacra (Vaults:3)
  A human zombie (Vaults:4)
  4 kobold brigands
  11 bullfrogs
  8 scorpions
  3 glowing shapeshifter simulacra
  3 human skeletons
  An earth elemental (Elf:1)
  2 gnoll sergeants
  3 cane toad simulacra
  7 wights
  2 elephant simulacra
  11 killer bees
  19 electric eels
  A yak skeleton (Crypt:2)
  5 howler monkeys
  A bullfrog zombie (D:7)
  8 jellies (Lair:4)
  9 orc priests
  6 hounds
  3 iguanas
  29 orc wizards
  7 hell rats (Lair:5)
  2 polar bear simulacra
  2 spriggan simulacra (Orc:2)
  2 wolf simulacra
  A killer bee zombie (D:7)
  A naga zombie (Crypt:2)
  A naga skeleton (Crypt:1)
  A tengu skeleton (Crypt:2)
  A boggart simulacrum (Gauntlet)
  13 gnolls
  8 adders
  A white imp (D:7)
  8 ufetubi
  A lava snake zombie (Crypt:2)
  6 worms
  2 dart slugs
  86 orcs
  10 ball pythons
  10 bats
  18 endoplasms
  8 hobgoblins
  2 jackals (D:1)
  2 quokkas
  3 frilled lizards
  10 goblins
  21 kobolds
  3 rats
  11 briar patches (Swamp:4)
  A bush (D:8)
2272 creatures vanquished.

Vanquished Creatures (collateral kills)
  An ice devil (Lair:5)
  2 hell hounds (Lair:5)
3 creatures vanquished.

Vanquished Creatures (others)
  A sphinx (Vaults:4)
  A draconian monk (Zot:4)
  A fire giant (Depths:3)
  A draconian knight (Zot:4)
  A deep elf elementalist (Elf:3)
  A draconian annihilator (Zot:2)
  A stone giant (shapeshifter) (Depths:2)
  A deep elf annihilator (Elf:3)
  A purple draconian (Depths:4)
  A fire dragon (shapeshifter) (Depths:3)
  A yaktaur captain (Vaults:4)
  A great orb of eyes (Vaults:4)
  A rakshasa (Vaults:4)
  A jorogumo (shapeshifter) (Depths:2)
  A spectral yaktaur (Vaults:3)
  A swamp dragon (shapeshifter) (Depths:3)
  A wizard (Vaults:4)
  2 deep elf zephyrmancers (Elf:1)
  A moth of wrath (shapeshifter) (Depths:2)
  A vault sentinel (Vaults:4)
  A purple draconian skeleton (Crypt:2)
  A queen bee (shapeshifter) (Depths:2)
  A bloated husk (Swamp:2)
  A tarantella (shapeshifter) (Depths:2)
  A slime creature (Vaults:4)
  3 floating eyes
  A swamp worm (shapeshifter) (Depths:2)
  A swamp drake (Swamp:4)
  A black bear (shapeshifter) (Depths:2)
  A shapeshifter zombie (Crypt:1)
  134 jellies
  A quokka (Depths:1)
  A gnoll skeleton (Crypt:1)
  A briar patch (Swamp:4)
  7 bushes (D:8)
  13 foxfires
  97 fungi
  169 plants
  9 toadstools (Lair:2)
465 creatures vanquished.

Grand Total: 2740 creatures vanquished

Table legend:
 A = Non-vault XP
 B = Vault XP
 C = Vault XP percentage of total XP
 D = Non-vault monster count
 E = Vault monster count
 F = Vault count percentage of total count
                 A         B        C        D         E       F
            +---------+---------+-------+---------+---------+-------
      Total |  747373 |  633527 |  45.9 |    1415 |     800 |  36.1
            +---------+---------+-------+---------+---------+-------
        D:1 |      35 |       0 |   0.0 |      22 |       0 |   0.0
        D:2 |      40 |       0 |   0.0 |      13 |       0 |   0.0
        D:3 |     169 |       0 |   0.0 |      36 |       0 |   0.0
        D:4 |     259 |       0 |   0.0 |      16 |       0 |   0.0
        D:5 |     305 |     493 |  61.8 |      11 |      14 |  56.0
        D:6 |    1383 |     158 |  10.3 |      45 |       1 |   2.2
        D:7 |    1289 |     961 |  42.7 |      27 |       4 |  12.9
        D:8 |    3221 |     112 |   3.4 |      37 |       1 |   2.6
        D:9 |    2358 |    2526 |  51.7 |      29 |      12 |  29.3
       D:10 |    2802 |    3858 |  57.9 |      29 |      13 |  31.0
       D:11 |    3361 |     639 |  16.0 |      25 |       5 |  16.7
       D:12 |    2813 |       0 |   0.0 |      11 |       0 |   0.0
       D:13 |    5093 |    7523 |  59.6 |      18 |      12 |  40.0
       D:14 |   11151 |       0 |   0.0 |      26 |       0 |   0.0
       D:15 |   13153 |    1707 |  11.5 |      33 |       2 |   5.7
     Lair:1 |    6477 |     852 |  11.6 |      28 |       1 |   3.4
     Lair:2 |    6453 |    4242 |  39.7 |      33 |       9 |  21.4
     Lair:3 |    4065 |    1223 |  23.1 |      16 |       5 |  23.8
     Lair:4 |    4329 |    2555 |  37.1 |      15 |      29 |  65.9
     Lair:5 |   15029 |   10213 |  40.5 |      55 |      26 |  32.1
    Swamp:1 |   11157 |    1384 |  11.0 |      23 |       1 |   4.2
    Swamp:2 |   11200 |       0 |   0.0 |      20 |       0 |   0.0
    Swamp:3 |    6796 |       0 |   0.0 |      15 |       0 |   0.0
    Swamp:4 |   13515 |   19518 |  59.1 |      21 |      29 |  58.0
    Snake:1 |   12805 |    6203 |  32.6 |      26 |      16 |  38.1
    Snake:2 |   20014 |    6434 |  24.3 |      36 |      10 |  21.7
    Snake:3 |   13726 |       0 |   0.0 |      26 |       0 |   0.0
    Snake:4 |   15899 |   31546 |  66.5 |      29 |      45 |  60.8
      Orc:1 |    2678 |    4589 |  63.1 |      18 |      19 |  51.4
      Orc:2 |    3765 |   12547 |  76.9 |      29 |      36 |  55.4
      Elf:1 |   25828 |    8240 |  24.2 |      43 |      14 |  24.6
      Elf:2 |   22856 |   22126 |  49.2 |      35 |      29 |  45.3
      Elf:3 |   17372 |   28829 |  62.4 |      32 |      26 |  44.8
   Vaults:1 |   33191 |    9885 |  22.9 |      51 |      16 |  23.9
   Vaults:2 |   19853 |   14564 |  42.3 |      25 |      26 |  51.0
   Vaults:3 |   24326 |   42149 |  63.4 |      34 |      50 |  59.5
   Vaults:4 |   11264 |   53331 |  82.6 |      22 |      64 |  74.4
   Vaults:5 |   30533 |  121983 |  80.0 |      41 |     111 |  73.0
    Crypt:1 |   19128 |       0 |   0.0 |      28 |       0 |   0.0
    Crypt:2 |   29062 |       0 |   0.0 |      42 |       0 |   0.0
    Crypt:3 |       0 |     812 | 100.0 |       0 |       2 | 100.0
   Depths:1 |   32621 |   10659 |  24.6 |      36 |      10 |  21.7
   Depths:2 |   16921 |   13793 |  44.9 |      20 |      13 |  39.4
   Depths:3 |   36235 |   27629 |  43.3 |      43 |      24 |  35.8
   Depths:4 |   36865 |   59446 |  61.7 |      42 |      52 |  55.3
      Zot:1 |   34110 |    8693 |  20.3 |      23 |       7 |  23.3
      Zot:2 |   43990 |    8165 |  15.7 |      37 |       8 |  17.8
      Zot:3 |   26104 |    1837 |   6.6 |      24 |       2 |   7.7
      Zot:4 |   57327 |   13756 |  19.4 |      44 |      10 |  18.5
      Zot:5 |   34447 |   61867 |  64.2 |      25 |      25 |  50.0
      IceCv |       0 |    3037 | 100.0 |       0 |      12 | 100.0
   Gauntlet |       0 |    3443 | 100.0 |       0 |       9 | 100.0
            +---------+---------+-------+---------+---------+-------

Illustrated notes

Table legend:
 A = Kills in this place as a percentage of kills in entire the game.
 B = Kills by you in this place as a percentage of kills by you in the entire game.
 C = Kills by friends in this place as a percentage of kills by friends in the entire game.
 D = Other kills in this place as a percentage of other kills in the entire game.
 E = Experience gained in this place as a percentage of experience gained in the entire game.
 F = Experience gained in this place divided by the number of levels of this place that you have seen.
                   A       B       C       D       E      F
               +-------+-------+-------+-------+-------+----------------------
         Total | 100.0 | 100.0 | 100.0 | 100.0 | 100.0 | 23309.8
       Dungeon |  20.3 |  20.5 |   0.0 |   0.0 |   5.5 | 5153.3
          Lair |   9.7 |   9.7 | 100.0 |   0.0 |   4.0 | 11087.6
         Swamp |   4.9 |   4.8 |   0.0 |  10.5 |   4.5 | 15892.5
     Snake Pit |   8.4 |   8.5 |   0.0 |   0.0 |   7.6 | 26656.8
  Orcish Mines |   4.6 |   4.6 |   0.0 |   0.0 |   1.7 | 11789.5
   Elven Halls |   8.0 |   7.9 |   0.0 |  21.1 |   9.0 | 41750.3
        Vaults |  19.7 |  19.6 |   0.0 |  42.1 |  25.8 | 72215.8
         Crypt |   3.2 |   3.3 |   0.0 |   0.0 |   3.5 | 16334.0
        Depths |  10.8 |  10.8 |   0.0 |  10.5 |  16.9 | 58982.0
           Zot |   9.3 |   9.3 |   0.0 |  15.8 |  21.0 | 58866.6
      Ice Cave |   0.5 |   0.5 |   0.0 |   0.0 |   0.2 | 3037.0
      Gauntlet |   0.4 |   0.4 |   0.0 |   0.0 |   0.2 | 3443.0
               +-------+-------+-------+-------+-------+----------------------

Table legend: (Time is in decaauts)
 A = Elapsed time spent in this place.
 B = Non-inter-level travel time spent in this place.
 C = Inter-level travel time spent in this place.
 D = Time resting spent in this place.
 E = Time spent auto-exploring this place.
 F = Levels seen in this place.
 G = Mean time per level.
                   A        B        C        D        E       F      G
               +--------+--------+--------+--------+--------+-----+--------+
         Total |  61628 |  55007 |   6621 |   4287 |  38248 |  60 | 1027.1 |
       Dungeon |  16088 |  13522 |   2566 |    790 |  10095 |  15 | 1072.5 |
        Temple |     69 |     61 |      8 |      0 |     57 |   1 |   69.0 |
          Lair |   7277 |   6514 |    763 |    152 |   5548 |   5 | 1455.4 |
         Swamp |   3690 |   3332 |    358 |     70 |   2645 |   4 |  922.5 |
     Snake Pit |   4698 |   4498 |    200 |    390 |   3081 |   4 | 1174.5 |
    Slime Pits |    157 |     97 |     60 |      0 |      0 |   5 |   31.4 |
  Orcish Mines |   1830 |   1567 |    263 |    123 |   1104 |   2 |  915.0 |
   Elven Halls |   2886 |   2665 |    221 |     31 |   1806 |   3 |  962.0 |
        Vaults |  10857 |   9733 |   1124 |   1333 |   6199 |   5 | 2171.4 |
         Crypt |   2013 |   1834 |    179 |     90 |   1259 |   3 |  671.0 |
        Depths |   6240 |   5741 |    499 |    707 |   3577 |   4 | 1560.0 |
           Zot |   4872 |   4496 |    376 |    550 |   2513 |   5 |  974.4 |
        Bazaar |    347 |    347 |      0 |      0 |    147 |   2 |  173.5 |
      Ice Cave |    233 |    233 |      0 |     32 |     59 |   1 |  233.0 |
      Gauntlet |    365 |    365 |      0 |     16 |    155 |   1 |  365.0 |
               +--------+--------+--------+--------+--------+-----+--------+

Top non-repeatable levels by time:
Vaults:3: 2932 daAuts
Vaults:4: 2316 daAuts
Vaults:5: 2105 daAuts
Depths:4: 2036 daAuts
Vaults:1: 2000 daAuts
    D:12: 1904 daAuts
  Lair:5: 1891 daAuts
 Snake:4: 1830 daAuts
  Lair:2: 1679 daAuts
Depths:1: 1561 daAuts
Vaults:2: 1502 daAuts
  Lair:4: 1415 daAuts
Depths:3: 1337 daAuts
    D:15: 1316 daAuts
Depths:2: 1304 daAuts
